Workbook
Name \: #REF!
Name \: #REF!
Name \__TOTAL: #REF!
Name \__TOTAL: #REF!
Name \_BUPAH_BAHAN: #REF!
Name \_BUPAH_BAHAN: #REF!
Name \_CALAT__: #REF!
Name \_CALAT__: #REF!
Name \_DMOBILISASI: #REF!
Name \_DMOBILISASI: #REF!
Name \_EMORTAR: #REF!
Name \_EMORTAR: #REF!
Name \_FGALIANBIASA: #REF!
Name \_FGALIANBIASA: #REF!
Name \_GGALIANPADAS: #REF!
Name \_GGALIANPADAS: #REF!
Name \_HURUGANBIASA: #REF!
Name \_HURUGANBIASA: #REF!
Name \_IURUGANPILIHA: #REF!
Name \_IURUGANPILIHA: #REF!
Name \_JPEMADATANTAN: #REF!
Name \_JPEMADATANTAN: #REF!
Name \_KAGREGAT_A: #REF!
Name \_KAGREGAT_A: #REF!
Name \_LAGREGAT_B: #REF!
Name \_LAGREGAT_B: #REF!
Name \_MCTSB: #REF!
Name \_MCTSB: #REF!
Name \_NSEMENPONDASI: #REF!
Name \_NSEMENPONDASI: #REF!
Name \_OPONDASISEMEN: #REF!
Name \_OPONDASISEMEN: #REF!
Name \_PPRIMECOAT: #REF!
Name \_PPRIMECOAT: #REF!
Name \_QTACKCOAT: #REF!
Name \_QTACKCOAT: #REF!
Name \_RBURTU: #REF!
Name \_RBURTU: #REF!
Name \_SPELABURAN: #REF!
Name \_SPELABURAN: #REF!
Name \_THRS: #REF!
Name \_THRS: #REF!
Name \_UATB: #REF!
Name \_UATB: #REF!
Name \_VATBL: #REF!
Name \_VATBL: #REF!
Name \_WAC: #REF!
Name \_WAC: #REF!
Name \_XSMA: #REF!
Name \_XSMA: #REF!
Name \_YK_275: #REF!
Name \_YK_275: #REF!
Name \_ZK_225: #REF!
Name \_ZK_225: #REF!
Name \0: #N/A
Name \a: #N/A
Name \AA: #REF!
Name \AA: #REF!
Name \AAK_175: #REF!
Name \AAK_175: #REF!

Sheet FS
D2: FINAL SUMMARY
B4: VILLA CEMPAKA
B6: Bill No. | C6: Description | D6: Amount
D7: Rp
B9: 1 | C9: MAIN VILLA | D9: ='MAIN VILLA'!H869 -> 3725306700
B10: 2 | C10: EQUIPMENT | D10: ='EQUIPMENT '!I117 -> 1467160014
B11: 3 | C11: FIRE PROTECTION | D11: ='FIRE PROTECTION'!I98 -> 368546000
B12: 4 | C12: SOLAR PANEL | D12: ='SOLAR PANEL'!I40 -> 797700000
B13: 5 | C13: ELECTRONIC | D13: =ELECTRONIC!I79 -> 427219820
B14: 6 | C14: MECHANICAL | D14: =MECHANICAL!I115 -> 2677345000
B15: 7 | C15: ADDITIONAL | D15: =ADDITIONAL!I47 -> 0
B16: 8 | C16: SANITARY (SBO)
B17: 9 | C17: LIGHTING (ARMATURE (SBO) | D17: ='LIGHTING ARMATURE'!I57 -> 0
C19: SUB-TOTAL | D19: =SUM(D8:D18) -> 9463277534
C20: SUB-TOTAL | D20: =SUM(D19:D19) -> 9463277534
C21: TAX -PPN 11% | D21: =D20*11% -> 1.0409605e+09
C22: TOTAL | D22: =SUM(D20:D21) -> 1.0504238e+10
C29: Signature and Company Stamp:
C31: Name:
C33: Position:
C35: Date:

Sheet MAIN VILLA
B2: VILLA CEMPAKA
B3: BILL OF QUANTITY
B4: BILL : MECHANICAL, ELECTRICAL AND PLUMBING WORKS
B6: Item | C6: Description | D6: UOM | E6: Quantity | F6: Amount | G6: Labour | H6: Sub Total Amount | I6: Remaks | J6: REF DRAWING
F7: Rp | G7: Rp | H7: Rp
C9: GENERALLY
C11: The following Bills of Quantities a guidence only. It is the responsibility of the Tenderer to measure and satisfy themselves as to the accuracy of all quantities included therein.
C13: Refer to the Preliminaries section and allow therein for this section for compliance
C15: Refer to the specifications or drawings for full descriptions of materials and workmanship wherever applicable to the Works included hereunder
C17: Refer to the Preambles section for full details of Method of Measurement and Pricing Clauses and allow in the rates for this section for compliance
B19: 1.0 | C19: INFRASTRUCTURE
B20: A | C20: ELECTRICAL INSTALLATION
C21: Supply, lay or apply or install all MEP works as described and shown in the drawings included supporting materials, tools and all necessary fixing accessories to the following
C22: GENERAL
C23: INFRASTRUCTURE ELEKTRIKAL
C24: Koneksi PLN
C25: Pengadaan, pemasangan termasuk testing dan commissioning untuk
B26: 1 | C26: Penyambungan daya PLN termasuk biaya peyambungan Sementara + Biaya Penyambungan , BP, UJL, SLO, dan lain sebagainya untuk daya 233.000 VA | D26: unit | E26: 1 | F26: =196000000+55000000 -> 251000000 | G26: 0 | H26: =E26*(F26+G26) -> 251000000
B27: =B26+1 -> 2 | C27: AVR 200 kVA (optional) | D27: set | E27: 1 | F27: =75000000+5500000 -> 80500000 | G27: 3500000 | H27: =E27*(F27+G27) -> 84000000 | I27: Matsunaga / samoto
C29: =C22 -> GENERAL | D29: Sub-total | H29: =SUM(H26:H27) -> 335000000
B31: A.1 | C31: BASEMENT
C32: YUEY STUDY
B33: 1 | C33: Lighting cable instalation point; NYM 3 x 2,5 sqmm in HIC dia. 20 mm | D33: point | E33: 9 | F33: 275000 | G33: 130000 | H33: =E33*(F33+G33) -> 3645000 | I33: Supreme | J33: EL2-101
B34: 2 | C34: Switch lighting cable instalation point to DB Smarthome BFL-1 Panel ; NYM 3 x 2,5 sqmm in HIC dia. 20 mm | D34: point | E34: 1 | F34: 575000 | G34: 130000 | H34: =E34*(F34+G34) -> 705000 | I34: Supreme | J34: EL2-101
B35: 3 | C35: Smarthome Switch Controll Panel w/ touch keypad display c/w remote device + Gateway & Wiring | D35: unit | E35: 1 | F35: =14750000+(500000*2)+250000 -> 16000000 | G35: 750000 | H35: =E35*(F35+G35) -> 16750000 | I35: Tuya
B36: 4 | C36: Smarthome programming & Setting | D36: lot | E36: 1 | F36: 500000 | G36: 0 | H36: =E36*(F36+G36) -> 500000 | I36: local
B37: 5 | C37: GPO cable instalation point; NYY 3 x 4 sqmm in HIC dia. 20 mm to DB Smarthome BF P-1 | D37: point | E37: 4 | F37: 475000 | G37: 150000 | H37: =E37*(F37+G37) -> 2500000 | I37: Supreme | J37: EL2-201
B38: 6 | C38: GPO cable instalation point; NYY 3 x 4 sqmm in HIC dia. 20 mm to DB Smarthome BF P-2 | D38: point | E38: 5 | F38: 475000 | G38: 150000 | H38: =E38*(F38+G38) -> 3125000 | I38: Supreme | J38: EL2-201
H39: =E39*(F39+G39) -> 0
C40: LIBRARY | H40: =E40*(F40+G40) -> 0
B41: 7 | C41: Lighting cable instalation point; NYM 3 x 2,5 sqmm in HIC dia. 20 mm | D41: point | E41: 9 | F41: 275000 | G41: 130000 | H41: =E41*(F41+G41) -> 3645000 | I41: Supreme | J41: EL2-101
B42: 8 | C42: Switch lighting cable instalation point to DB Smarthome BFL-1 Panel ; NYM 3 x 2,5 sqmm in HIC dia. 20 mm | D42: point | E42: 1 | F42: 575000 | G42: 130000 | H42: =E42*(F42+G42) -> 705000 | I42: Supreme | J42: EL2-101
C44: STORAGE
B45: 9 | C45: Lighting cable instalation point; NYM 3 x 2,5 sqmm in HIC dia. 20 mm | D45: point | E45: 1 | F45: 275000 | G45: 130000 | H45: =E45*(F45+G45) -> 405000 | I45: Supreme | J45: EL2-101
B46: 10 | C46: Fan cable instalation point; NYM 3 x 2,5 sqmm in HIC dia. 20 mm | D46: point | E46: 1 | F46: 275000 | G46: 130000 | H46: =E46*(F46+G46) -> 405000 | I46: Supreme | J46: EL2-101
B47: 11 | C47: Switch lighting cable instalation point to DB Smarthome BFL-4 Panel ; NYM 3 x 2,5 sqmm in HIC dia. 20 mm | D47: point | E47: 1 | F47: 575000 | G47: 130000 | H47: =E47*(F47+G47) -> 705000 | I47: Supreme | J47: EL2-101
B48: 12 | C48: Ceiling Exhaust fan Cap. 80Cfm - siroco FAN | D48: unit | E48: 1 | F48: 1450000 | G48: 300000 | H48: =E48*(F48+G48) -> 1750000 | I48: Panasonic
C50: CORIDOR
B51: 13 | C51: Lighting cable instalation point; NYM 3 x 2,5 sqmm in HIC dia. 20 mm | D51: point | E51: 8 | F51: 275000 | G51: 130000 | H51: =E51*(F51+G51) -> 3240000 | I51: Supreme | J51: EL2-101
B52: 14 | C52: Switch lighting cable instalation point to DB Smarthome BFL-4 Panel ; NYM 3 x 2,5 sqmm in HIC dia. 20 mm | D52: point | E52: 2 | F52: 575000 | G52: 130000 | H52: =E52*(F52+G52) -> 1410000 | I52: Supreme | J52: EL2-101
C54: GAS ROOM
B55: 15 | C55: Lighting cable instalation point; NYM 3 x 2,5 sqmm in HIC dia. 20 mm | D55: point | E55: 3 | F55: 275000 | G55: 130000 | H55: =E55*(F55+G55) -> 1215000 | I55: Supreme | J55: EL2-101
B56: 16 | C56: Switch lighting cable instalation point to DB Smarthome BFL-4 Panel ; NYM 3 x 2,5 sqmm in HIC dia. 20 mm | D56: point | E56: 3 | F56: 575000 | G56: 130000 | H56: =E56*(F56+G56) -> 2115000 | I56: Supreme | J56: EL2-101
C59: SAUNA, ICE BATH, GYM
B60: 17 | C60: Lighting cable instalation point; NYM 3 x 2,5 sqmm in HIC dia. 20 mm | D60: point | E60: 5 | F60: 275000 | G60: 130000 | H60: =E60*(F60+G60) -> 2025000 | I60: Supreme | J60: EL2-101
B61: 18 | C61: Fan cable instalation point; NYM 3 x 2,5 sqmm in HIC dia. 20 mm | D61: point | E61: 1 | F61: 275000 | G61: 130000 | H61: =E61*(F61+G61) -> 405000 | I61: Supreme | J61: EL2-101
B62: 19 | C62: Switch lighting cable instalation point to DB Smarthome BFL-4 Panel ; NYM 3 x 2,5 sqmm in HIC dia. 20 mm | D62: point | E62: 1 | F62: 275000 | G62: 130000 | H62: =E62*(F62+G62) -> 405000 | I62: Supreme | J62: EL2-101
B63: 20 | C63: GPO cable instalation point; NYY 3 x 4 sqmm in HIC dia. 20 mm to DB Smarthome BF P-6 | D63: point | E63: 5 | F63: 475000 | G63: 150000 | H63: =E63*(F63+G63) -> 3125000 | I63: Supreme | J63: EL2-201
B64: 21 | C64: Smarthome Switch Controll Panel w/ touch keypad display c/w remote device + Gateway & Wiring | D64: unit | E64: 1 | F64: =14750000+(500000*2)+250000 -> 16000000 | G64: 750000 | H64: =E64*(F64+G64) -> 16750000 | I64: Tuya
B65: 22 | C65: Smarthome programming & Setting | D65: lot | E65: 1 | F65: 500000 | G65: 0 | H65: =E65*(F65+G65) -> 500000 | I65: local
B66: 23 | C66: Ceiling Exhaust fan Cap. 80Cfm - siroco FAN | D66: unit | E66: 1 | F66: 1450000 | G66: 300000 | H66: =E66*(F66+G66) -> 1750000 | I66: Panasonic
B67: 24
B68: 25 | C68: GUEST BEDROOM
B69: 26 | C69: Lighting cable instalation point; NYM 3 x 2,5 sqmm in HIC dia. 20 mm | D69: point | E69: 1 | F69: 275000 | G69: 130000 | H69: =E69*(F69+G69) -> 405000 | I69: Supreme | J69: EL2-101
B70: 27 | C70: Switch lighting cable instalation point to DB Smarthome BFL-3 Panel ; NYM 3 x 2,5 sqmm in HIC dia. 20 mm | D70: point | E70: 1 | F70: 575000 | G70: 130000 | H70: =E70*(F70+G70) -> 705000 | I70: Supreme | J70: EL2-101
B71: 28 | C71: GPO cable instalation point; NYY 3 x 4 sqmm in HIC dia. 20 mm to DB Smarthome BF P-3 | D71: point | E71: 4 | F71: 475000 | G71: 150000 | H71: =E71*(F71+G71) -> 2500000 | I71: Supreme | J71: EL2-201
C73: GUEST BATHROOM
B74: 29 | C74: Lighting cable instalation point; NYM 3 x 2,5 sqmm in HIC dia. 20 mm | D74: point | E74: 2 | F74: 275000 | G74: 130000 | H74: =E74*(F74+G74) -> 810000 | I74: Supreme | J74: EL2-101
B75: 30 | C75: Exhaust Fan cable instalation point; NYM 3 x 2,5 sqmm in HIC dia. 20 mm | D75: point | E75: 1 | F75: 275000 | G75: 130000 | H75: =E75*(F75+G75) -> 405000 | I75: Supreme | J75: EL2-101
B76: 31 | C76: Switch lighting cable instalation point to DB Smarthome BFL-3 Panel ; NYM 3 x 2,5 sqmm in HIC dia. 20 mm | D76: point | E76: 1 | F76: 575000 | G76: 130000 | H76: =E76*(F76+G76) -> 705000 | I76: Supreme | J76: EL2-101
B77: 32 | C77: GPO cable instalation point; NYY 3 x 4 sqmm in HIC dia. 20 mm to DB Basement P-1 | D77: point | E77: 1 | F77: 475000 | G77: 150000 | H77: =E77*(F77+G77) -> 625000 | I77: Supreme | J77: EL2-201
C79: DESK GUEST BEDROOM
B80: 33 | C80: Lighting cable instalation point; NYM 3 x 2,5 sqmm in HIC dia. 20 mm | D80: point | E80: 1 | F80: 275000 | G80: 130000 | H80: =E80*(F80+G80) -> 405000 | I80: Supreme | J80: EL2-101
B81: 34 | C81: Switch lighting cable instalation point to DB Smarthome BFL-3 Panel ; NYM 3 x 2,5 sqmm in HIC dia. 20 mm | D81: point | E81: 1 | F81: 575000 | G81: 130000 | H81: =E81*(F81+G81) -> 705000 | I81: Supreme | J81: EL2-101
B82: 35 | C82: GPO cable instalation point; NYY 3 x 4 sqmm in HIC dia. 20 mm to DB Smarthome BF P-4 | D82: point | E82: 4 | F82: 475000 | G82: 150000 | H82: =E82*(F82+G82) -> 2500000 | I82: Supreme | J82: EL2-201
C84: BATHROOM
B85: 36 | C85: Lighting cable instalation point; NYM 3 x 2,5 sqmm in HIC dia. 20 mm | D85: point | E85: 2 | F85: 275000 | G85: 130000 | H85: =E85*(F85+G85) -> 810000 | I85: Supreme | J85: EL2-101
B86: 37 | C86: Exhaust Fan cable instalation point; NYM 3 x 2,5 sqmm in HIC dia. 20 mm | D86: point | E86: 1 | F86: 275000 | G86: 130000 | H86: =E86*(F86+G86) -> 405000 | I86: Supreme | J86: EL2-101
B87: 38 | C87: Switch lighting cable instalation point to DB Smarthome BFL-3 Panel ; NYM 3 x 2,5 sqmm in HIC dia. 20 mm | D87: point | E87: 1 | F87: 575000 | G87: 130000 | H87: =E87*(F87+G87) -> 705000 | I87: Supreme | J87: EL2-101
B88: 39 | C88: GPO cable instalation point; NYY 3 x 4 sqmm in HIC dia. 20 mm to DB Basement P-1 | D88: point | E88: 1 | F88: 475000 | G88: 150000 | H88: =E88*(F88+G88) -> 625000 | I88: Supreme | J88: EL2-201
B89: 40 | C89: Ceiling Exhaust fan Cap. 80Cfm - siroco FAN | D89: unit | E89: 1 | F89: 1450000 | G89: 300000 | H89: =E89*(F89+G89) -> 1750000 | I89: Panasonic
C91: TV ROOM
B92: 41 | C92: Lighting cable instalation point; NYM 3 x 2,5 sqmm in HIC dia. 20 mm | D92: point | E92: 3 | F92: 275000 | G92: 130000 | H92: =E92*(F92+G92) -> 1215000 | I92: Supreme | J92: EL2-101
B93: 42 | C93: Switch lighting cable instalation point to DB Smarthome BFL-3 Panel ; NYM 3 x 2,5 sqmm in HIC dia. 20 mm | D93: point | E93: 1 | F93: 675000 | G93: 130000 | H93: =E93*(F93+G93) -> 805000 | I93: Supreme | J93: EL2-101
B94: 43 | C94: GPO cable instalation point; NYY 3 x 4 sqmm in HIC dia. 20 mm to DB Smarthome BF P-5 | D94: point | E94: 4 | F94: 475000 | G94: 150000 | H94: =E94*(F94+G94) -> 2500000 | I94: Supreme | J94: EL2-201
B95: 44 | C95: Smarthome Switch Controll Panel w/ touch keypad display c/w remote device + Gateway & Wiring | D95: unit | E95: 1 | F95: =14750000+(500000*2)+250000 -> 16000000 | G95: 750000 | H95: =E95*(F95+G95) -> 16750000 | I95: Tuya
B96: 45 | C96: Smarthome programming & Setting | D96: lot | E96: 1 | F96: 500000 | G96: 0 | H96: =E96*(F96+G96) -> 500000 | I96: local
C98: RAIN HARVESTING
B99: 46 | C99: Lighting cable instalation point; NYM 3 x 2,5 sqmm in HIC dia. 20 mm | D99: point | E99: 8 | F99: 275000 | G99: 130000 | H99: =E99*(F99+G99) -> 3240000 | I99: Supreme | J99: EL2-101
B100: 47 | C100: Switch lighting cable instalation point to DB LV MAID L1 Panel ; NYM 3 x 2,5 sqmm in HIC dia. 20 mm | D100: point | E100: 1 | F100: 575000 | G100: 130000 | H100: =E100*(F100+G100) -> 705000 | I100: Supreme | J100: EL2-101
B101: 48 | C101: GPO cable instalation point; NYY 3 x 4 sqmm in HIC dia. 20 mm to DB LP MAID P-1 | D101: point | E101: 1 | F101: 475000 | G101: 150000 | H101: =E101*(F101+G101) -> 625000 | I101: Supreme | J101: EL2-201
C103: HEAT PUMP ROOM | J103: EL2-101
B104: 49 | C104: Lighting cable instalation point; NYM 3 x 2,5 sqmm in HIC dia. 20 mm | D104: point | E104: 4 | F104: 275000 | G104: 130000 | H104: =E104*(F104+G104) -> 1620000 | I104: Supreme | J104: EL2-101
B105: 50 | C105: Switch lighting cable instalation point to DB LV MAID L1 Panel ; NYM 3 x 2,5 sqmm in HIC dia. 20 mm | D105: point | E105: 1 | F105: 575000 | G105: 130000 | H105: =E105*(F105+G105) -> 705000 | I105: Supreme | J105: EL2-101
B106: 51 | C106: GPO cable instalation point; NYY 3 x 4 sqmm in HIC dia. 20 mm to DB Swimingpool P-2 | D106: point | E106: 1 | F106: 475000 | G106: 150000 | H106: =E106*(F106+G106) -> 625000 | I106: Supreme | J106: EL2-201
C108: ENGINERING ROOM | H108: =E108*(F108+G108) -> 0
B109: 52 | C109: Lighting cable instalation point; NYM 3 x 2,5 sqmm in HIC dia. 20 mm | D109: point | E109: 2 | F109: 275000 | G109: 130000 | H109: =E109*(F109+G109) -> 810000 | I109: Supreme | J109: EL2-101
B110: 53 | C110: Switch lighting cable instalation point to DB LV MAID L2 Panel ; NYM 3 x 2,5 sqmm in HIC dia. 20 mm | D110: point | E110: 1 | F110: 575000 | G110: 130000 | H110: =E110*(F110+G110) -> 705000 | I110: Supreme | J110: EL2-101
B111: 54 | C111: GPO cable instalation point; NYY 3 x 4 sqmm in HIC dia. 20 mm to DB LP MAID P-1 & P-3 | D111: point | E111: 3 | F111: 475000 | G111: 150000 | H111: =E111*(F111+G111) -> 1875000 | I111: Supreme | J111: EL2-201
C113: BATREY ROOM
B114: 55 | C114: Lighting cable instalation point; NYM 3 x 2,5 sqmm in HIC dia. 20 mm | D114: point | E114: 2 | F114: 275000 | G114: 130000 | H114: =E114*(F114+G114) -> 810000 | I114: Supreme | J114: EL2-101
B115: 56 | C115: Switch lighting cable instalation point to DB LV MAID L2 Panel ; NYM 3 x 2,5 sqmm in HIC dia. 20 mm | D115: point | E115: 1 | F115: 575000 | G115: 130000 | H115: =E115*(F115+G115) -> 705000 | I115: Supreme | J115: EL2-101
B116: 57 | C116: GPO cable instalation point; NYY 3 x 4 sqmm in HIC dia. 20 mm to DB LP MAID P-3 | D116: point | E116: 2 | F116: 475000 | G116: 150000 | H116: =E116*(F116+G116) -> 1250000 | I116: Supreme | J116: EL2-201
C118: LAUNDRY ROOM
B119: 58 | C119: Lighting cable instalation point; NYM 3 x 2,5 sqmm in HIC dia. 20 mm | D119: point | E119: 7 | F119: 275000 | G119: 130000 | H119: =E119*(F119+G119) -> 2835000 | I119: Supreme | J119: EL2-101
B120: 59 | C120: Fan cable instalation point; NYM 3 x 2,5 sqmm in HIC dia. 20 mm | D120: point | E120: 1 | F120: 275000 | G120: 130000 | H120: =E120*(F120+G120) -> 405000 | I120: Supreme | J120: EL2-101
B121: 60 | C121: Switch lighting cable instalation point to DB LV MAID L2 Panel ; NYM 3 x 2,5 sqmm in HIC dia. 20 mm | D121: point | E121: 1 | F121: 575000 | G121: 130000 | H121: =E121*(F121+G121) -> 705000 | I121: Supreme | J121: EL2-101
B122: 61 | C122: GPO cable instalation point; NYY 3 x 4 sqmm in HIC dia. 20 mm to DB LP MAID P-5 | D122: point | E122: 3 | F122: 475000 | G122: 150000 | H122: =E122*(F122+G122) -> 1875000 | I122: Supreme | J122: EL2-201
B123: 62 | C123: Ceiling Exhaust fan Cap. 80Cfm - siroco FAN | D123: unit | E123: 1 | F123: 1450000 | G123: 300000 | H123: =E123*(F123+G123) -> 1750000 | I123: Panasonic
C125: MAID ROOM
...

Sheet EQUIPMENT 
B2: VILLA CEMPAKA
B3: BILL OF QUANTITY
B4: BILL : EQUIPMENT WORKS
B6: Item | C6: Description | D6: UOM | E6: Quantity | F6: Amount | G6: Labour | H6: Sub Total Amount | I6: TOTAL | J6: Remaks | K6: REF DRAWING
F7: Rp | G7: Rp | H7: Rp | I7: Rp
C9: GENERALLY
C11: The following Bills of Quantities a guidence only. It is the responsibility of the Tenderer to measure and satisfy themselves as to the accuracy of all quantities included therein.
C13: Refer to the Preliminaries section and allow therein for this section for compliance
C15: Refer to the specifications or drawings for full descriptions of materials and workmanship wherever applicable to the Works included hereunder
C17: Refer to the Preambles section for full details of Method of Measurement and Pricing Clauses and allow in the rates for this section for compliance
B19: 2.0 | C19: INFRASTRUCTURE
C20: EQUIPMENT LIST
C21: Supply, lay or apply or install all MEP works as described and shown in the drawings included supporting materials, tools and all necessary fixing accessories to the following
B23: 2.1 | C23: PLUMBING EQUIPMENT
B24: 1 | C24: DISTRIBUTION PUMP - VERTICAL MULTISTAGE PUMP VSD CAP. 6 m3/hour 50M Head / 3ph / 3,75 kW | D24: Unit | E24: 3 | F24: 36000000 | G24: 2500000 | H24: =F24+G24 -> 38500000 | I24: =H24*E24 -> 115500000 | J24: 2 on duty 1 spare *grundfoss CR 10-6 | K24: BP - 01 A/B/C
B25: 2 | C25: ALTERNATE 3 POMPA VSD Panel include pump mount and Pressure tank | D25: Sets | E25: 1 | F25: 57500000 | G25: 3500000 | H25: =F25+G25 -> 61000000 | I25: =H25*E25 -> 61000000 | J25: Schnieder
B26: 3 | C26: DISTRIBUTION PUMP - VERTICAL MULTISTAGE PUMP VSD CAP. 6 m3/hour 50M Head / 3ph / 3,75 kW | D26: Unit | E26: 3 | F26: 36000000 | G26: 2500002 | H26: =F26+G26 -> 38500002 | I26: =H26*E26 -> 115500006 | J26: 2 on duty 1 spare *grundfoss CR 10-6 | K26: BP - 02 A/B/C
B27: 4 | C27: ALTERNATE 3 POMPA VSD Panel include pump mount and Pressure tank | D27: Sets | E27: 1 | F27: 57500000 | G27: 3500000 | H27: =F27+G27 -> 61000000 | I27: =H27*E27 -> 61000000 | J27: Schnieder
B28: 5 | C28: FILTRATION PUMP - VERTICAL MULTISTAGE PUMP VSD CAP. 4,53 m3/hour 50M Head / 3ph / 1,5 kW | D28: Unit | E28: 2 | F28: 27000000 | G28: 2500004 | H28: =F28+G28 -> 29500004 | I28: =H28*E28 -> 59000008 | J28: 1 on duty 1 spare *Grundfos CR 5-8 | K28: FP - 01 A/B
B29: 6 | C29: ALTERNATE 2 POMPA VSD Panel include pump mount and Pressure tank | D29: Sets | E29: 1 | F29: 47500000 | G29: 3500000 | H29: =F29+G29 -> 51000000 | I29: =H29*E29 -> 51000000 | J29: Schnieder
B30: 7 | C30: Sand Media filter / cap. 4,5m3 /H - automatic Backwash - FRP `1865 | D30: Unit | E30: 1 | F30: =5000000+(200000*6)+1650000 -> 7850000 | G30: 1500000 | H30: =F30+G30 -> 9350000 | I30: =H30*E30 -> 9350000 | J30: Media filter Need to match with water quality test | K30: SF - 01
B31: 8 | C31: MULTI FILTER (ACTIVATED CARBON, FE & MANGANESE FILTER) / Cap. 1,5m3 / H - Automatic Backwash | D31: Set | E31: 1 | F31: =(1200000*3)+(1500000)+(1500000)+(2100000)+(1650000*3) -> 13650000 | G31: 2500000 | H31: =F31+G31 -> 16150000 | I31: =H31*E31 -> 16150000 | J31: Consist of 3 tank / Media filter Need to match with water quality test | K31: MF - 01
B32: 9 | C32: Water Softener / Cap. 1,5m3 / H - Automatic Backwash complete with Brine Tank | D32: Set | E32: 1 | F32: =(1200000*2)+(2500000*4)+(1650000*2)+2000000 -> 17700000 | G32: 2000000 | H32: =F32+G32 -> 19700000 | I32: =H32*E32 -> 19700000 | J32: Consist of 2 tank / Media filter Need to match with water quality test | K32: WS - 01
B33: 10 | C33: Industrial Reverse Osmosis Filter / cap 4,5m3/ H | D33: Set | E33: 1 | F33: 85000000 | G33: 3500000 | H33: =F33+G33 -> 88500000 | I33: =H33*E33 -> 88500000 | J33: kusatsu | K33: RO - 01
B35: =B23 -> 2.1 | C35: =C23 -> PLUMBING EQUIPMENT | D35: Sub-total | I35: =SUM(I24:I33) -> 596700014
B37: 2.2 | C37: HOT WATER EQUIPMENT
B38: 1 | C38: Heat Pump water Heater / AIR TO WATER HEAT PUMP, DOUBLE WALL HEAT EXCHANGERS TYPE, EACH HEAT PUMP INCLUDES A HOT WATER TANK - HEAT CAPACITY 2,80 KW / CAP. 300Liter ex. HICOP - For GROUND FLOOR | D38: Unit | E38: 2 | F38: =Analisa!E21 -> 39240000 | G38: 3500000 | H38: =F38+G38 -> 42740000 | I38: =H38*E38 -> 85480000 | J38: 2 duty | K38: HP - 01, 02
B39: 2 | C39: Heat Pump water Heater / AIR TO WATER HEAT PUMP, DOUBLE WALL HEAT EXCHANGERS TYPE, EACH HEAT PUMP INCLUDES A HOT WATER TANK - HEAT CAPACITY 2,80 KW / CAP. 200Liter ex. HICOP - For Upper FLOOR | D39: Unit | E39: 2 | F39: =Analisa!E25 -> 33690000 | G39: 3000000 | H39: =F39+G39 -> 36690000 | I39: =H39*E39 -> 73380000 | J39: 2 duty | K39: HP - 03, 04
B40: 3 | C40: HOT WATER CIRCULATION PUMPS Cap. 1,8 m3/hour - for Ground Floor ex. Grundfoss | D40: Unit | E40: 2 | F40: 5750000 | G40: 1500000 | H40: =F40+G40 -> 7250000 | I40: =H40*E40 -> 14500000 | J40: 1 duty 1 standby *Grundfos UPA 15-90 | K40: HWCP - 01 A/B
B41: 4 | C41: HOT WATER CIRCULATION PUMPS Cap. 1,8 m3/hour - for Upper Floor x. Grundfoss | D41: Unit | E41: 2 | F41: 3750000 | G41: 1500000 | H41: =F41+G41 -> 5250000 | I41: =H41*E41 -> 10500000 | J41: 2 duty 1 standby *Grundfos UPA 15-90 | K41: HWCP - 02 A/B
B42: 5 | C42: ELECTRIC WATER HEATER HORIZONTAL TYPE Cap. 80Ltr ex. Ariston | D42: Unit | E42: 1 | F42: 4000000 | G42: 500000 | H42: =F42+G42 -> 4500000 | I42: =H42*E42 -> 4500000 | K42: EWH - 01
B43: 6 | C43: ELECTRIC WATER HEATER HORIZONTAL TYPE Cap. 80Ltr ex. Ariston | D43: Unit | E43: 3 | F43: 4000000 | G43: 500000 | H43: =F43+G43 -> 4500000 | I43: =H43*E43 -> 13500000 | K43: EWH - 02, 03, 04
B44: 7 | C44: ELECTRIC WATER HEATER HORIZONTAL TYPE Cap. 15Ltr ex. Ariston | D44: Unit | E44: 1 | F44: 2700000 | G44: 300000 | H44: =F44+G44 -> 3000000 | I44: =H44*E44 -> 3000000 | K44: EWH - 05
B45: 8 | C45: ELECTRIC WATER HEATER HORIZONTAL TYPE Cap. 15Ltr ex. Ariston | D45: Unit | E45: 1 | F45: 2700000 | G45: 300000 | H45: =F45+G45 -> 3000000 | I45: =H45*E45 -> 3000000 | K45: EWH - 06
B47: =B37 -> 2.2 | C47: =C37 -> HOT WATER EQUIPMENT | D47: Sub-total | I47: =SUM(I38:I45) -> 207860000
B50: 2.3 | C50: SWIMMING POOL EQUIPEMENT
B51: 1 | C51: Swiming pool Circulation Pump / Cap. 15 m3/hour / Self Priming Type | D51: unit | E51: 2 | F51: - | G51: - | H51: - | I51: - | J51: SBO | K51: FP - 02 A/B
B52: 2 | C52: Sand Filter for Pool Pump / Cap. 15 m3/hour | D52: unit | E52: 2 | F52: - | G52: - | H52: - | I52: - | J52: SBO | K52: SF - 02, 03
B54: =B50 -> 2.3 | C54: =C50 -> SWIMMING POOL EQUIPEMENT | D54: Sub-total | I54: =SUM(I51:I52) -> 0
B56: 2.4 | C56: GAS EQUIPEMENT
B57: 1 | C57: Gas Cylinder Cap. 12 Kg | D57: unit | E57: 3 | F57: 500000 | G57: 75000 | H57: =F57+G57 -> 575000 | I57: =H57*E57 -> 1725000 | K57: GC - 01, 02, 03
B58: 2 | C58: AUTOMATIC CHANGE OVER VALVE, GAS ALARM PANEL - ELECTRONIC WORK | D58: Set | E58: 1 | F58: 7500000 | G58: 3500000 | H58: =F58+G58 -> 11000000 | I58: =H58*E58 -> 11000000 | K58: GC - 01, 02, 03
B60: =B56 -> 2.4 | C60: =C56 -> GAS EQUIPEMENT | D60: Sub-total | I60: =SUM(I57:I58) -> 12725000
B62: 2.5 | C62: SANITARY EQUIPEMENT
B63: 1 | C63: Irrigation Pump - VERTICAL MULTISTAGE PUMP VSD - 6 m3/hour - Head 35Mtr / | D63: unit | E63: 2 | F63: 26000000 | G63: 2000000 | H63: =F63+G63 -> 28000000 | I63: =H63*E63 -> 56000000 | J63: 2 DUTY, PARALLEL ALTERNATE, W/ CONTROL PANEL *Grundfoss CR 5-5 | K63: IR - 01 A/B
B64: 2 | C64: ALTERNATE 2 POMPA VSD Panel include pump mount and Pressure tank | D64: Sets | E64: 1 | F64: 47500000 | G64: 3500000 | H64: =F64+G64 -> 51000000 | I64: =H64*E64 -> 51000000 | J64: Schnieder
B65: 3 | C65: Stainless Steel Tank Bag Filter Pump / Cap. 6m3/hour | D65: Sets | E65: 1 | F65: 25000000 | G65: 1500000 | H65: =G65+F65 -> 26500000 | I65: =H65*E65 -> 26500000 | K65: BF - 01
B66: 4 | C66: Chemical / Peristaltic Dosing Pump + pH Controller + DISPLAY | D66: unit | E66: 1 | F66: =8250000+500000 -> 8750000 | G66: 500000 | H66: =G66+F66 -> 9250000 | I66: =H66*E66 -> 9250000 | J66: milwauke | K66: CD - 01
B67: 5 | C67: Main Pump Room Sumpit Submersible Pump c/w STATUS : ON/OFF/ALARM, c/w PANEL, ALARM, FLOAT WATER LEVEL SWITCH | D67: unit | E67: 2 | F67: =17800000+3500000 -> 21300000 | G67: 2000000 | H67: =G67+F67 -> 23300000 | I67: =H67*E67 -> 46600000 | J67: 2 DUTY - Ebara 40 DLJ | K67: SP - 01 A/B
B68: 6 | C68: Laundry Room Sumpit Submersible Pump c/w STATUS : ON/OFF/ALARM, c/w PANEL, ALARM, FLOAT WATER LEVEL SWITCH | D68: unit | E68: 2 | F68: =17800000+3500000 -> 21300000 | G68: 2000000 | H68: =G68+F68 -> 23300000 | I68: =H68*E68 -> 46600000 | J68: 2 DUTY - Ebara 40 DLJ | K68: SP - 02 A/B
B69: 7 | C69: Under Swimming Pool Room Sumpit Submersible Pump c/w STATUS : ON/OFF/ALARM, c/w PANEL, ALARM, FLOAT WATER LEVEL SWITCH | D69: unit | E69: 2 | F69: =17800000+3500000 -> 21300000 | G69: 2000000 | H69: =G69+F69 -> 23300000 | I69: =H69*E69 -> 46600000 | J69: 3 DUTY - Ebara 40 DLJ | K69: SP - 03 A/B
B70: 8 | C70: Sewage Submersible Pump c/w STATUS : ON/OFF/ALARM, c/w PANEL, ALARM, FLOAT WATER LEVEL SWITCH | D70: unit | E70: 2 | F70: =32800000+3500000 -> 36300000 | G70: 2500000 | H70: =G70+F70 -> 38800000 | I70: =H70*E70 -> 77600000 | J70: 2 DUTY Ebara 65 DLJ | K70: SWP - 01 A/B
B71: 9 | C71: Food Waste Disposal inksenerator / Undersink - Evolution Cap. 1HP | D71: unit | E71: 1 | F71: 22000000 | G71: 1500000 | H71: =G71+F71 -> 23500000 | I71: =H71*E71 -> 23500000 | K71: INSINKERATOR
B72: 10 | C72: Portable Grease Trap | D72: unit | E72: 1 | F72: 3750000 | G72: 750000 | H72: =G72+F72 -> 4500000 | I72: =H72*E72 -> 4500000 | J72: Austindo
B74: =B62 -> 2.5 | C74: =C62 -> SANITARY EQUIPEMENT | D74: Sub-total | I74: =SUM(I63:I72) -> 388150000
B76: 2.6 | C76: FANS & EXHAUST
C77: Include all mounting + supporting instalation
C78: BASEMENT
B79: 1 | C79: Ceiling Fan Exhaust Fan Cap.270cm/h | D79: unit | E79: 1 | F79: 2575000 | G79: 200000 | H79: =G79+F79 -> 2775000 | I79: =H79*E79 -> 2775000 | J79: KDK / maspion
B80: 2 | C80: Ceiling Fan Exhaust Fan Cap.108cm/h | D80: unit | E80: 1 | F80: 1250000 | G80: 200000 | H80: =G80+F80 -> 1450000 | I80: =H80*E80 -> 1450000 | J80: KDK
B81: 3 | C81: AXIAL CABINET Exhaust Fan Cap.198cm/h | D81: unit | E81: 1 | F81: 5150000 | G81: 250000 | H81: =G81+F81 -> 5400000 | I81: =H81*E81 -> 5400000 | J81: KDK
B82: 4 | C82: AXIAL CABINET Exhaust Fan Cap.630cm/h | D82: unit | E82: =1+1 -> 2 | F82: 8975000 | G82: 250000 | H82: =G82+F82 -> 9225000 | I82: =H82*E82 -> 18450000 | J82: KDK
B83: 5 | C83: AXIAL CABINETExhaust Fan Cap.540cm/h | D83: unit | E83: 1 | F83: 6825000 | G83: 250000 | H83: =G83+F83 -> 7075000 | I83: =H83*E83 -> 7075000 | J83: KDK
B84: 6 | C84: Ceiling Fan Exhaust Fan Cap.180cm/h | D84: unit | E84: =1+1 -> 2 | F84: 1425000 | G84: 200000 | H84: =G84+F84 -> 1625000 | I84: =H84*E84 -> 3250000 | J84: KDK
B85: 7 | C85: AXIAL CABINET Exhaust Fan Cap.3000cm/h | D85: unit | E85: 1 | F85: 14800000 | G85: 200000 | H85: =G85+F85 -> 15000000 | I85: =H85*E85 -> 15000000 | J85: KDK
B86: 8 | C86: AXIAL CABINET Exhaust Fan Cap.5267cm/h | D86: unit | E86: 2 | F86: 23800000 | G86: 250000 | H86: =G86+F86 -> 24050000 | I86: =H86*E86 -> 48100000 | J86: KDK
B87: 9 | C87: AXIAL CABINET Exhaust Fan Cap.2268cm/h | D87: unit | E87: 2 | F87: 11500000 | G87: 250000 | H87: =G87+F87 -> 11750000 | I87: =H87*E87 -> 23500000 | J87: KDK
B88: 10 | C88: AXIAL Ceiling Fan Exhaust Fan Cap.576cm/h | D88: unit | E88: 1 | F88: 8975000 | G88: 200000 | H88: =G88+F88 -> 9175000 | I88: =H88*E88 -> 9175000 | J88: KDK
B89: 11 | C89: AXIAL Ceiling Fan Exhaust Fan Cap.1123cm/h | D89: unit | E89: 1 | F89: 32750000 | G89: 200000 | H89: =G89+F89 -> 32950000 | I89: =H89*E89 -> 32950000 | J89: KDK
B90: 12 | C90: Portable Dehumidifier | D90: unit | E90: 1 | F90: 7750000 | G90: 250000 | H90: =G90+F90 -> 8000000 | I90: =H90*E90 -> 8000000 | J90: Daikin MCK70ZVM7
C92: GROUND FLOOR
B93: 13 | C93: AXIAL CABINET Exhaust Fan Cap.3348cm/h | D93: unit | E93: 1 | F93: 13500000 | G93: 250000 | H93: =G93+F93 -> 13750000 | I93: =H93*E93 -> 13750000 | J93: KDK
B94: 14 | C94: AXIAL CABINET Exhaust Fan Cap.10188cm/h | D94: unit | E94: 1 | F94: 22500000 | G94: 250000 | H94: =G94+F94 -> 22750000 | I94: =H94*E94 -> 22750000 | J94: KDK
B95: 15 | C95: AXIAL BIFURCATED Exhaust Fan Cap.6793cm/h | D95: unit | E95: 1 | F95: 17800000 | G95: 200000 | H95: =G95+F95 -> 18000000 | I95: =H95*E95 -> 18000000 | J95: KDK
B96: 16 | C96: CENTRIFUGAL BIFURCATED Fan Cap.12737cm/h | D96: unit | E96: 1 | F96: 16500000 | G96: 200000 | H96: =G96+F96 -> 16700000 | I96: =H96*E96 -> 16700000 | J96: KDK
B97: 17 | C97: Ceiling Fan Cap.8496cm/h | D97: unit | E97: 2 | H97: =G97+F97 -> 0 | I97: =H97*E97 -> 0 | J97: SBO
B98: 18 | C98: Ceiling Fan Cap.3402cm/h | D98: unit | E98: 3 | H98: =G98+F98 -> 0 | I98: =H98*E98 -> 0 | J98: SBO
C100: UPEPR FLOOR
B101: 13 | C101: AXIAL CABINET Exhaust Fan Cap.270cm/h | D101: unit | E101: 1 | F101: 5150000 | G101: 250000 | H101: =G101+F101 -> 5400000 | I101: =H101*E101 -> 5400000 | J101: KDK
B102: 13 | C102: AXIAL CABINET Exhaust Fan Cap.170cm/h | D102: unit | E102: 1 | F102: 4750000 | G102: 250000 | H102: =G102+F102 -> 5000000 | I102: =H102*E102 -> 5000000 | J102: KDK
B103: 13 | C103: AXIAL CABINET Exhaust Fan Cap.100cm/h | D103: unit | E103: 1 | F103: 4750000 | G103: 250000 | H103: =G103+F103 -> 5000000 | I103: =H103*E103 -> 5000000 | J103: KDK
B106: =B76 -> 2.6 | C106: =C76 -> FANS & EXHAUST | D106: Sub-total | I106: =SUM(I78:I104) -> 261725000
C108: GENERAL SUMMARY
B110: =B35 -> 2.1 | C110: =C35 -> PLUMBING EQUIPMENT | I110: =I35 -> 596700014
B111: =B47 -> 2.2 | C111: =C47 -> HOT WATER EQUIPMENT | I111: =I47 -> 207860000
B112: =B54 -> 2.3 | C112: =C54 -> SWIMMING POOL EQUIPEMENT | I112: =I54 -> 0
B113: =B60 -> 2.4 | C113: =C60 -> GAS EQUIPEMENT | I113: =I60 -> 12725000
B114: =B74 -> 2.5 | C114: =C74 -> SANITARY EQUIPEMENT | I114: =I74 -> 388150000
B115: =B106 -> 2.6 | C115: =C106 -> FANS & EXHAUST | I115: =I106 -> 261725000
C117: GENERAL SUMMARY | D117: Sub-total | I117: =SUM(I110:I115) -> 1467160014

Sheet FIRE PROTECTION
B2: VILLA CEMPAKA
B3: BILL OF QUANTITY
B4: BILL : FIRE PROTECTION & ALARM WORKS
B6: Item | C6: Description | D6: UOM | E6: Quantity | F6: Amount | G6: Labour | H6: Sub Total Amount | I6: TOTAL | J6: Remaks | K6: REF DRAWING
F7: Rp | G7: Rp | H7: Rp | I7: Rp
C9: GENERALLY
C11: The following Bills of Quantities a guidence only. It is the responsibility of the Tenderer to measure and satisfy themselves as to the accuracy of all quantities included therein.
C13: Refer to the Preliminaries section and allow therein for this section for compliance
C15: Refer to the specifications or drawings for full descriptions of materials and workmanship wherever applicable to the Works included hereunder
C17: Refer to the Preambles section for full details of Method of Measurement and Pricing Clauses and allow in the rates for this section for compliance
B19: 3.0 | C19: INFRASTRUCTURE
C20: EQUIPMENT LIST
C21: Supply, lay or apply or install all MEP works as described and shown in the drawings included supporting materials, tools and all necessary fixing accessories to the following
B23: 3.1 | C23: FIRE PROTECTION
C24: BASEMENT | K24: F.2 - 101 & 101,1
B25: 1 | C25: Multipurpose Wall Hanging Dry Chemical Powder fire Extinguisher Cap. 3kg | D25: unit | E25: 2 | F25: 875000 | G25: 100000 | H25: =G25+F25 -> 975000 | I25: =H25*E25 -> 1950000 | J25: HOOSEKI
B26: 2 | C26: Carbon Dioxide Wall Hanging fire Extinguisher Cap. 6kg | D26: unit | E26: =1+1 -> 2 | F26: 1900000 | G26: 200000 | H26: =G26+F26 -> 2100000 | I26: =H26*E26 -> 4200000 | J26: HOOSEKI
B27: 3 | C27: ENCAPSULATING AGENT FOR LI-ION BATTERY Propellant Type: Nitrogen Waterbased Chemical - Wall Hanging fire Extinguisher Cap. 6kg | D27: unit | E27: 1 | F27: 6800000 | G27: 200000 | H27: =G27+F27 -> 7000000 | I27: =H27*E27 -> 7000000 | J27: Lithium Fireguard
C29: GROUND FLOOR | K29: F.2 - 102
B30: 1 | C30: Multipurpose Wall Hanging Dry Chemical Powder fire Extinguisher Cap. 3kg | D30: unit | E30: 3 | F30: 875000 | G30: 100000 | H30: =G30+F30 -> 975000 | I30: =H30*E30 -> 2925000 | J30: HOOSEKI
B31: 2 | C31: Class K Fire Extinguishers Wall Hanging type Cap. 6kg | D31: unit | E31: 1 | F31: 1900000 | G31: 200000 | H31: =G31+F31 -> 2100000 | I31: =H31*E31 -> 2100000 | J31: HOOSEKI
B32: 3 | C32: ENCAPSULATING AGENT FOR LI-ION BATTERY Propellant Type: Nitrogen Waterbased Chemical - Wall Hanging fire Extinguisher Cap. 6kg | D32: unit | E32: 1 | F32: 6800000 | G32: 200000 | H32: =G32+F32 -> 7000000 | I32: =H32*E32 -> 7000000 | J32: Lithium Fireguard
B33: 4 | C33: Carbon Dioxide Wheel Type fire Extinguisher Cap. 25kg | D33: unit | E33: 1 | F33: =5900000+1000000 -> 6900000 | G33: 500000 | H33: =G33+F33 -> 7400000 | I33: =H33*E33 -> 7400000 | J33: HOOSEKI
C35: UPPER FLOOR | K35: F.2 - 103
B36: 1 | C36: Multipurpose Wall Hanging Dry Chemical Powder fire Extinguisher Cap. 3kg | D36: unit | E36: 2 | F36: 875000 | G36: 100000 | H36: =G36+F36 -> 975000 | I36: =H36*E36 -> 1950000 | J36: HOOSEKI
B38: =B23 -> 3.1 | C38: =C23 -> FIRE PROTECTION | D38: Sub-total | I38: =SUM(I24:I37) -> 34525000
B40: 3.2 | C40: ALARM SYSTEM
C41: FIRE ALARM
B43: 1 | C43: Master Control Fire Alarm Panel 40zone include box panel utility | D43: sets | E43: 1 | F43: 28000000 | G43: 3500000 | H43: =G43+F43 -> 31500000 | I43: =H43*E43 -> 31500000 | J43: HC
B44: 2 | C44: Terminal Box Fire Alarm Tbfa powder coating finish | D44: unit | E44: 2 | F44: 475000 | G44: 500000 | H44: =G44+F44 -> 975000 | I44: =H44*E44 -> 1950000 | J44: maid + garasi
B45: 3 | C45: UPS cap. 2000Va | D45: unit | E45: 1 | F45: 6929800 | G45: 100000 | H45: =G45+F45 -> 7029800 | I45: =H45*E45 -> 7029800 | J45: Schnieder APC
B46: 4 | C46: manual Push button | D46: unit | E46: 1 | F46: 549600 | G46: 150000 | H46: =G46+F46 -> 699600 | I46: =H46*E46 -> 699600 | J46: hoseki
B47: 5 | C47: End of Line Resistor | D47: unit | E47: 4 | F47: 107500 | G47: 150000 | H47: =G47+F47 -> 257500 | I47: =H47*E47 -> 1030000 | J47: hoseki
B48: 6 | C48: 32 inch monitor display - 4K | D48: unit | E48: 1 | F48: 6250000 | G48: 150000 | H48: =G48+F48 -> 6400000 | I48: =H48*E48 -> 6400000 | J48: Samsung
B49: 7 | C49: Programing all system | D49: lot | E49: 1 | F49: 955800 | G49: 955800 | H49: =G49+F49 -> 1911600 | I49: =H49*E49 -> 1911600 | J49: local
B50: 8 | C50: Main Grounding R. Max 0,5 Ohm cable NYA 6mm2 | D50: lot | E50: 1 | F50: 1500000 | G50: 500000 | H50: =G50+F50 -> 2000000 | I50: =H50*E50 -> 2000000 | J50: local
B51: 9 | C51: Test Commisioning | D51: lot | E51: 1 | F51: 3000000 | G51: 0 | H51: =G51+F51 -> 3000000 | I51: =H51*E51 -> 3000000 | J51: local
C53: BASEMENT
B54: 1 | C54: PHOTO-ELECTRIC SMOKE DETECTOR (CONVENTIONAL SYSTEM) - addresable | D54: unit | E54: 13 | F54: 1150000 | G54: 125000 | H54: =G54+F54 -> 1275000 | I54: =H54*E54 -> 16575000 | J54: Honeywell
B55: 2 | C55: RATE OF RISE HEAT DETECTOR (CONVENTIONAL SYSTEM) - addresable | D55: unit | E55: 6 | F55: 1250000 | G55: 125000 | H55: =G55+F55 -> 1375000 | I55: =H55*E55 -> 8250000 | J55: Honeywell
B56: 3 | C56: Terminal Box Fire Alarm Tbfa powder coating finish | D56: unit | E56: 1 | F56: 475000 | G56: 200000 | H56: =G56+F56 -> 675000 | I56: =H56*E56 -> 675000 | J56: local
B57: 4 | C57: FA BASEMENT to ALL device ; FRC STP AWG #16 (2pair) + HIC 20mm | D57: Point | E57: =SUM(E54:E55) -> 19 | F57: 1750000 | G57: 150000 | H57: =G57+F57 -> 1900000 | I57: =H57*E57 -> 36100000 | J57: belden
B58: 5 | C58: SDP FA to FA BASEMENT; FRC STP AWG #16 (2pair) + HIC 20mm | D58: m1 | E58: 80 | F58: 90000 | G58: 150000 | H58: =G58+F58 -> 240000 | I58: =H58*E58 -> 19200000 | J58: belden
C60: GROUND FLOOR
B61: 1 | C61: PHOTO-ELECTRIC SMOKE DETECTOR (CONVENTIONAL SYSTEM) - addresable | D61: unit | E61: 8 | F61: 1150000 | G61: 125000 | H61: =G61+F61 -> 1275000 | I61: =H61*E61 -> 10200000 | J61: Honeywell
B62: 2 | C62: RATE OF RISE HEAT DETECTOR (CONVENTIONAL SYSTEM) - addresable | D62: unit | E62: 6 | F62: 1250000 | G62: 125000 | H62: =G62+F62 -> 1375000 | I62: =H62*E62 -> 8250000 | J62: Honeywell
B63: 3 | C63: GAS DETECTOR | D63: unit | E63: 2 | F63: 1075000 | G63: 125000 | H63: =G63+F63 -> 1200000 | I63: =H63*E63 -> 2400000 | J63: Honeywell
B64: 4 | C64: Terminal Box Fire Alarm Tbfa powder coating finish | D64: unit | E64: 1 | F64: 475000 | G64: 200000 | H64: =G64+F64 -> 675000 | I64: =H64*E64 -> 675000 | J64: local
B65: 5 | C65: FA GF to ALL device ; FRC STP AWG #16 + HIC 20mm | D65: Point | E65: =SUM(E61:E63) -> 16 | F65: 1750000 | G65: 150000 | H65: =G65+F65 -> 1900000 | I65: =H65*E65 -> 30400000 | J65: belden
B66: 6 | C66: SDP FA to FA BASEMENT; FRC STP AWG #16 + HIC 20mm | D66: m1 | E66: 60 | F66: 90000 | G66: 150000 | H66: =G66+F66 -> 240000 | I66: =H66*E66 -> 14400000 | J66: belden
C68: UPPER FLOOR
B69: 1 | C69: PHOTO-ELECTRIC SMOKE DETECTOR (CONVENTIONAL SYSTEM) - addresable | D69: unit | E69: 6 | F69: 1150000 | G69: 125000 | H69: =G69+F69 -> 1275000 | I69: =H69*E69 -> 7650000 | J69: Honeywell
B70: 2 | C70: Terminal Box Fire Alarm Tbfa powder coating finish | D70: unit | E70: 1 | F70: 475000 | G70: 200000 | H70: =G70+F70 -> 675000 | I70: =H70*E70 -> 675000 | J70: local
B71: 3 | C71: FA UF to ALL device ; FRC STP AWG #16 + HIC 20mm | D71: Point | E71: =E69 -> 6 | F71: 1750000 | G71: 150000 | H71: =G71+F71 -> 1900000 | I71: =H71*E71 -> 11400000 | J71: belden
B72: 4 | C72: SDP FA to FA BASEMENT; FRC STP AWG #16 + HIC 20mm | D72: m1 | E72: 60 | F72: 90000 | G72: 150000 | H72: =G72+F72 -> 240000 | I72: =H72*E72 -> 14400000 | J72: belden
B74: =B40 -> 3.2 | C74: =C41 -> FIRE ALARM | D74: Sub-total | I74: =SUM(I43:I72) -> 236771000
B76: 3.3 | C76: FIRE PROTECTION SYSTEM @ BATT ROOM
C78: FIRE ALARM SYSTEM @ BATERY ROOM | K78: F.4-102
B79: 1 | C79: Main control Panel for Aslarm System | D79: sets | E79: 1 | F79: 28000000 | G79: 2000000 | H79: =G79+F79 -> 30000000 | I79: =H79*E79 -> 30000000 | J79: Notifier - honeywell
B80: 2 | C80: Junction Box | D80: lot | E80: 2 | F80: 475000 | G80: 200000 | H80: =G80+F80 -> 675000 | I80: =H80*E80 -> 1350000 | J80: local
B81: 3 | C81: SRP BOX | D81: unit | E81: 2 | F81: 1450000 | G81: 750000 | H81: =G81+F81 -> 2200000 | I81: =H81*E81 -> 4400000
B82: 4 | C82: Sensors, switch + Button + indicators + Supporting accessories | D82: lot | E82: 1 | F82: 15000000 | G82: 3000000 | H82: =G82+F82 -> 18000000 | I82: =H82*E82 -> 18000000
B83: 5 | C83: Piping Instalation ppr PN 10 + fitting | D83: lot | E83: 1 | F83: 3500000 | G83: 500000 | H83: =G83+F83 -> 4000000 | I83: =H83*E83 -> 4000000 | J83: SD
B84: 6 | C84: Gas Cylinder 25kg | D84: unit | E84: 1 | F84: 5750000 | G84: 500000 | H84: =G84+F84 -> 6250000 | I84: =H84*E84 -> 6250000
B85: 7 | C85: Solenoid + Mechanical parts | D85: lot | E85: 1 | F85: 8750000 | G85: 1500000 | H85: =G85+F85 -> 10250000 | I85: =H85*E85 -> 10250000
B86: 8 | C86: Wiring + instalation | D86: lot | E86: 1 | F86: 10000000 | G86: 0 | H86: =G86+F86 -> 10000000 | I86: =H86*E86 -> 10000000 | J86: supreme
B87: 9 | C87: Stabilizer 5000 Watt | D87: unit | E87: 1 | F87: 5500000 | G87: 500000 | H87: =G87+F87 -> 6000000 | I87: =H87*E87 -> 6000000 | J87: samoto
B88: 10 | C88: Setting + Programming | D88: lot | E88: 1 | F88: 5000000 | G88: 0 | H88: =G88+F88 -> 5000000 | I88: =H88*E88 -> 5000000
B89: 11 | C89: Testing & Commisioning | D89: lot | E89: 1 | F89: 2000000 | G89: 0 | H89: =G89+F89 -> 2000000 | I89: =H89*E89 -> 2000000
B91: =B76 -> 3.3 | C91: =C76 -> FIRE PROTECTION SYSTEM @ BATT ROOM | D91: Sub-total | I91: =SUM(I79:I90) -> 97250000
C92: GENERAL SUMMARY
B94: =B38 -> 3.1 | C94: =C38 -> FIRE PROTECTION | I94: =I38 -> 34525000
B95: =B74 -> 3.2 | C95: =C74 -> FIRE ALARM | I95: =I74 -> 236771000
B96: =B91 -> 3.3 | C96: =C91 -> FIRE PROTECTION SYSTEM @ BATT ROOM | I96: =I91 -> 97250000
C98: GENERAL SUMMARY | D98: Sub-total | I98: =SUM(I94:I96) -> 368546000

Sheet SOLAR PANEL
B2: VILLA CEMPAKA
B3: BILL OF QUANTITY
B4: BILL : EQUIPMENT WORKS
B6: Item | C6: Description | D6: UOM | E6: Quantity | F6: Amount | G6: Labour | H6: Sub Total Amount | I6: TOTAL | J6: Remaks | K6: REF DRAWING
F7: Rp | G7: Rp | H7: Rp | I7: Rp
C9: GENERALLY
C11: The following Bills of Quantities a guidence only. It is the responsibility of the Tenderer to measure and satisfy themselves as to the accuracy of all quantities included therein.
C13: Refer to the Preliminaries section and allow therein for this section for compliance
C15: Refer to the specifications or drawings for full descriptions of materials and workmanship wherever applicable to the Works included hereunder
C17: Refer to the Preambles section for full details of Method of Measurement and Pricing Clauses and allow in the rates for this section for compliance
B19: 4 | C19: INFRASTRUCTURE
C20: EQUIPMENT LIST
C21: Supply, lay or apply or install all MEP works as described and shown in the drawings included supporting materials, tools and all necessary fixing accessories to the following
B23: 4.1 | C23: SOLAR PANEL
B25: 1 | C25: Solar Cell Panel 575WP - monocristalyn | D25: unit | E25: 30 | F25: =2350000+500000 -> 2850000 | G25: 500000 | H25: =G25+F25 -> 3350000 | I25: =H25*E25 -> 100500000 | J25: Trina Solar
B26: 2 | C26: Hybrid Inverter 20KW 3 ph / IP65 | D26: unit | E26: 2 | F26: =78575000+1500000 -> 80075000 | G26: 2500000 | H26: =G26+F26 -> 82575000 | I26: =H26*E26 -> 165150000 | J26: deye
B27: 3 | C27: MPPT / solar charge controller 100A | D27: unit | E27: 5 | F27: 3500000 | G27: 500000 | H27: =G27+F27 -> 4000000 | I27: =H27*E27 -> 20000000 | J27: Samoto
B28: 4 | C28: SMT Power Litium Battery SL200 - Baterai Lithium LiFePO4 Rack Mount Battery 48V 100Ah | D28: unit | E28: =5*4 -> 20 | F28: =18500000+1200000 -> 19700000 | G28: 1000000 | H28: =G28+F28 -> 20700000 | I28: =H28*E28 -> 414000000 | J28: Samoto
B29: 5 | C29: PV combiner-polyfiber IP66 rate - 5 string | D29: unit | E29: 1 | F29: =Analisa!E35 -> 34350000 | G29: 3500000 | H29: =F29+G29 -> 37850000 | I29: =H29*E29 -> 37850000 | J29: panel maker
B30: 6 | C30: solar panel cable + Roof mounting + Accessories + Bracket | D30: lots | E30: 1 | F30: 30000000 | G30: 5000000 | H30: =F30+G30 -> 35000000 | I30: =H30*E30 -> 35000000 | J30: local
B31: 7 | C31: Batrre Rack 15U panel | D31: unit | E31: 4 | F31: 5300000 | G31: 500000 | H31: =F31+G31 -> 5800000 | I31: =H31*E31 -> 23200000 | J31: indorack
B32: 8 | C32: Test Commisioning | D32: lot | E32: 1 | F32: 2000000 | G32: 0 | H32: =G32+F32 -> 2000000 | I32: =H32*E32 -> 2000000 | J32: local
B34: =B23 -> 4.1 | C34: =C23 -> SOLAR PANEL | D34: Sub-total | I34: =SUM(I25:I33) -> 797700000
C36: GENERAL SUMMARY
B38: =B34 -> 4.1 | C38: =C34 -> SOLAR PANEL | I38: =I34 -> 797700000
C40: GENERAL SUMMARY | D40: Sub-total | I40: =SUM(I38:I38) -> 797700000

Sheet ELECTRONIC
B2: VILLA CEMPAKA
B3: BILL OF QUANTITY
B4: BILL : ELECTRONIC WORKS
B6: Item | C6: Description | D6: UOM | E6: Quantity | F6: Amount | G6: Labour | H6: Sub Total Amount | I6: TOTAL | J6: Remaks | K6: REF DRAWING
F7: Rp | G7: Rp | H7: Rp | I7: Rp
C9: GENERALLY
C11: The following Bills of Quantities a guidence only. It is the responsibility of the Tenderer to measure and satisfy themselves as to the accuracy of all quantities included therein.
C13: Refer to the Preliminaries section and allow therein for this section for compliance
C15: Refer to the specifications or drawings for full descriptions of materials and workmanship wherever applicable to the Works included hereunder
C17: Refer to the Preambles section for full details of Method of Measurement and Pricing Clauses and allow in the rates for this section for compliance
B19: 5 | C19: ELECTRONICS WORKS
C20: Supply, lay or apply or install all MEP works as described and shown in the drawings included supporting materials, tools and all necessary fixing accessories to the following
B22: 5.1 | C22: TELEPHONE & DATA
B24: 1 | C24: Data wall Outlet | D24: unit | E24: 17 | F24: 165000 | G24: 15000 | H24: =G24+F24 -> 180000 | I24: =H24*E24 -> 3060000 | J24: Schnieder Avataron
B25: 2 | C25: TV wall outlet | D25: unit | E25: 12 | F25: 165000 | G25: 15000 | H25: =G25+F25 -> 180000 | I25: =H25*E25 -> 2160000 | J25: Schnieder Avataron
B26: 3 | C26: Telephone wall outlet | D26: unit | E26: 20 | F26: 165000 | G26: 15000 | H26: =G26+F26 -> 180000 | I26: =H26*E26 -> 3600000 | J26: Schnieder Avataron
B27: 4 | C27: USB wall outlet 2 type | D27: unit | E27: 9 | F27: 1200000 | G27: 15000 | H27: =G27+F27 -> 1215000 | I27: =H27*E27 -> 10935000 | J27: Schnieder Avataron
B28: 5 | C28: USBL wall outlet 2 type | D28: unit | E28: 20 | F28: 1650000 | G28: 15000 | H28: =G28+F28 -> 1665000 | I28: =H28*E28 -> 33300000 | J28: Schnieder Avataron
B29: 6 | C29: Converter + TV wall outlet to RF port | D29: unit | E29: 1 | F29: 475000 | G29: 15000 | H29: =G29+F29 -> 490000 | I29: =H29*E29 -> 490000 | J29: Schnieder Avataron
B30: 7 | C30: Optical Network Unit | D30: unit | E30: 1 | F30: 0 | G30: 0 | H30: =G30+F30 -> 0 | I30: =H30*E30 -> 0 | J30: by internet provider
B31: 8 | C31: Optical Network Terminal | D31: unit | E31: 1 | F31: 0 | G31: 0 | H31: =G31+F31 -> 0 | I31: =H31*E31 -> 0 | J31: by internet provider
B32: 9 | C32: Internet service profider | D32: unit | E32: 1 | F32: 0 | G32: 0 | H32: =G32+F32 -> 0 | I32: =H32*E32 -> 0 | J32: SBO
B33: 10 | C33: Telephone terminal Block with krone connector upto 50 pair + BMF 5 | D33: unit | E33: 3 | F33: 1500000 | G33: 500000 | H33: =G33+F33 -> 2000000 | I33: =H33*E33 -> 6000000
B34: 11 | C34: IP PABX 32 ext - upto 8 line c/w master phone | D34: unit | E34: 1 | F34: 25000000 | G34: 500000 | H34: =G34+F34 -> 25500000 | I34: =H34*E34 -> 25500000 | J34: panasonic
B35: 12 | C35: Telephone Headset | D35: unit | E35: 20 | F35: 575000 | G35: 15000 | H35: =G35+F35 -> 590000 | I35: =H35*E35 -> 11800000 | J35: panasonic
B36: 13 | C36: Wifi Access Point (wall or ceiling Mounted) | D36: unit | E36: 23 | F36: 2150000 | G36: 200000 | H36: =G36+F36 -> 2350000 | I36: =H36*E36 -> 54050000 | J36: Ruijie
B37: 14 | C37: L2 MANAGEABLE GIGABIT SWITCH 24 RJ45 PORTS & 4 SFP w/ PoE + (INTERNET + TELEPHONE) | D37: unit | E37: 1 | F37: 7500000 | G37: 200000 | H37: =G37+F37 -> 7700000 | I37: =H37*E37 -> 7700000 | J37: Ruijie
B38: 15 | C38: standing mount data rack Cap. 20U c/w power outlet | D38: unit | E38: 2 | F38: 6500000 | G38: 500000 | H38: =G38+F38 -> 7000000 | I38: =H38*E38 -> 14000000 | J38: Data Rack
B39: 16 | C39: UPS cap. 2000Va | D39: unit | E39: 1 | F39: 6929800 | G39: 100000 | H39: =G39+F39 -> 7029800 | I39: =H39*E39 -> 7029800 | J39: Schnieder APC
B40: 17 | C40: Programing all system | D40: lot | E40: 1 | F40: 2000000 | G40: 0 | H40: =G40+F40 -> 2000000 | I40: =H40*E40 -> 2000000 | J40: local
B41: 18 | C41: Main Grounding R. Max 1 Ohm cable NYA 6mm2 | D41: lot | E41: 1 | F41: 1500000 | G41: 0 | H41: =G41+F41 -> 1500000 | I41: =H41*E41 -> 1500000 | J41: local
B42: 19 | C42: Test Commisioning | D42: lot | E42: 1 | F42: 2000000 | G42: 0 | H42: =G42+F42 -> 2000000 | I42: =H42*E42 -> 2000000 | J42: local
C44: BASEMENT
B45: 1 | C45: Data Outlet Cable Instalation RJ-45 + hic 20mm | D45: point | E45: 10 | F45: 875000 | G45: 150000 | H45: =G45+F45 -> 1025000 | I45: =H45*E45 -> 10250000 | J45: belden
B46: 2 | C46: TV Outlet Cable Instalation RJ-45 + hic 20mm | D46: point | E46: 6 | F46: 875000 | G46: 150000 | H46: =G46+F46 -> 1025000 | I46: =H46*E46 -> 6150000 | J46: belden
B47: 3 | C47: Telephone Outlet Cable Instalation RJ-11 + hic 20mm | D47: point | E47: 7 | F47: 475000 | G47: 150001 | H47: =G47+F47 -> 625001 | I47: =H47*E47 -> 4375007 | J47: belden
B48: 4 | C48: TV Outlet Cable Instalation COAX RG6 + hic 20mm | D48: point | E48: 1 | F48: 875000 | G48: 150000 | H48: =G48+F48 -> 1025000 | I48: =H48*E48 -> 1025000 | J48: belden
C50: GROUND FLOOR
B51: 1 | C51: Data Outlet Cable Instalation RJ-45 + hic 20mm | D51: point | E51: 3 | F51: 875000 | G51: 150000 | H51: =G51+F51 -> 1025000 | I51: =H51*E51 -> 3075000 | J51: belden
B52: 2 | C52: TV Outlet Cable Instalation RJ-45 + hic 20mm | D52: point | E52: 2 | F52: 875000 | G52: 150000 | H52: =G52+F52 -> 1025000 | I52: =H52*E52 -> 2050000 | J52: belden
B53: 3 | C53: Telephone Outlet Cable Instalation RJ-11 + hic 20mm | D53: point | E53: 7 | F53: 475000 | G53: 150001 | H53: =G53+F53 -> 625001 | I53: =H53*E53 -> 4375007 | J53: belden
C55: UPPER FLOOR
B56: 1 | C56: Data Outlet Cable Instalation RJ-45 + hic 20mm | D56: point | E56: 4 | F56: 875000 | G56: 150000 | H56: =G56+F56 -> 1025000 | I56: =H56*E56 -> 4100000 | J56: belden
B57: 2 | C57: TV Outlet Cable Instalation RJ-45 + hic 20mm | D57: point | E57: 4 | F57: 875000 | G57: 150000 | H57: =G57+F57 -> 1025000 | I57: =H57*E57 -> 4100000 | J57: belden
B58: 3 | C58: Telephone Outlet Cable Instalation RJ-11 + hic 20mm | D58: point | E58: 6 | F58: 475000 | G58: 150001 | H58: =G58+F58 -> 625001 | I58: =H58*E58 -> 3750006 | J58: belden
B60: =B22 -> 5.1 | C60: =C22 -> TELEPHONE & DATA | D60: Sub-total | I60: =SUM(I23:I59) -> 228374820
B62: 5.2 | C62: CCTV
B63: 1 | C63: IP bullet Camera w/varifocal lenses motorized c/w mount & accessories | D63: unit | E63: 13 | F63: =5750000+500000 -> 6250000 | G63: 200000 | H63: =G63+F63 -> 6450000 | I63: =H63*E63 -> 83850000 | J63: HIK VISION
B64: 2 | C64: IP Dome Camera w/varifocal lenses motorized c/w mount & accessories | D64: unit | E64: 10 | F64: 3850000 | G64: 200000 | H64: =G64+F64 -> 4050000 | I64: =H64*E64 -> 40500000 | J64: HIK VISION
B65: 3 | C65: POE injector adapter + acc | D65: sets | E65: 1 | F65: 2500000 | G65: 250000 | H65: =G65+F65 -> 2750000 | I65: =H65*E65 -> 2750000
B66: 4 | C66: L2 MANAGEABLE GIGABIT SWITCH 24 RJ45 PORTS & 4 SFP w/ PoE + (INTERNET to CCTV ) | D66: unit | E66: 1 | F66: 7500000 | G66: 200000 | H66: =G66+F66 -> 7700000 | I66: =H66*E66 -> 7700000 | J66: Ruijie
B67: 5 | C67: NVR 24ch c/w 30TB HDD for 1 month record | D67: sets | E67: 1 | F67: =11200000+(3*3500000) -> 21700000 | G67: 1000000 | H67: =G67+F67 -> 22700000 | I67: =H67*E67 -> 22700000 | J67: HIK VISION
B68: 6 | C68: CCTV Cable Instalation RJ-45 + HIC 20mm | D68: point | E68: =SUM(E63:E64) -> 23 | F68: 965000 | G68: 250000 | H68: =G68+F68 -> 1215000 | I68: =H68*E68 -> 27945000 | J68: Belden
B69: 7 | C69: standing mount data rack Cap. 20U c/w power outlet | D69: unit | E69: 1 | F69: 6500000 | G69: 500000 | H69: =G69+F69 -> 7000000 | I69: =H69*E69 -> 7000000 | J69: Data Rack
B70: 8 | C70: 32 inch monitor display - 4K | D70: unit | E70: 1 | F70: 6250000 | G70: 150000 | H70: =G70+F70 -> 6400000 | I70: =H70*E70 -> 6400000 | J70: Samsung
B72: =B62 -> 5.2 | C72: =C62 -> CCTV | D72: Sub-total | I72: =SUM(I63:I71) -> 198845000
C74: GENERAL SUMMARY
B76: =B22 -> 5.1 | C76: =C22 -> TELEPHONE & DATA | I76: =I60 -> 228374820
B77: =B72 -> 5.2 | C77: =C72 -> CCTV | I77: =I72 -> 198845000
C79: GENERAL SUMMARY | D79: Sub-total | I79: =SUM(I76:I77) -> 427219820

Sheet MECHANICAL
B2: VILLA CEMPAKA
B3: BILL OF QUANTITY
B4: BILL : MECHANICAL WORKS
B6: Item | C6: Description | D6: UOM | E6: Quantity | F6: Amount | G6: Labour | H6: Sub Total Amount | I6: TOTAL | J6: Remaks | K6: REF DRAWING
F7: Rp | G7: Rp | H7: Rp | I7: Rp
C9: GENERALLY
C11: The following Bills of Quantities a guidence only. It is the responsibility of the Tenderer to measure and satisfy themselves as to the accuracy of all quantities included therein.
C13: Refer to the Preliminaries section and allow therein for this section for compliance
C15: Refer to the specifications or drawings for full descriptions of materials and workmanship wherever applicable to the Works included hereunder
C17: Refer to the Preambles section for full details of Method of Measurement and Pricing Clauses and allow in the rates for this section for compliance
B19: 6 | C19: MECHANICAL WORKS
C20: Supply, lay or apply or install all MEP works as described and shown in the drawings included supporting materials, tools and all necessary fixing accessories to the following
B22: 6.1 | C22: AIR CONDITIONER SYSTEM
C24: BASEMENT
B25: 1 | C25: Ceiling Mounted Duct type Motor PWR 0.18KW - Tot Cap.3.9kw INDOOR UNIT | D25: unit | E25: 1 | F25: 24100000 | G25: 1500000 | H25: =G25+F25 -> 25600000 | I25: =H25*E25 -> 25600000 | J25: DAIKIN FXDQ 32 SPV14
B26: 2 | C26: Ceiling Mounted Duct type Motor PWR 0.1KW - Tot Cap.3.5kw INDOOR UNIT | D26: unit | E26: 1 | F26: 24100000 | G26: 1500000 | H26: =G26+F26 -> 25600000 | I26: =H26*E26 -> 25600000 | J26: DAIKIN FXDQ 32 SPV15
B27: 3 | C27: Ceiling Mounted Duct type Motor PWR 0.2KW - Tot Cap.7.1kw INDOOR UNIT | D27: unit | E27: 1 | F27: 28250000 | G27: 2000000 | H27: =G27+F27 -> 30250000 | I27: =H27*E27 -> 30250000 | J27: DAIKIN FXDQ 63 SPV14
B28: 4 | C28: Ceiling Mounted Duct type Motor PWR 0.15KW - Tot Cap.6.3kw INDOOR UNIT | D28: unit | E28: 1 | F28: 28250000 | G28: 2000000 | H28: =G28+F28 -> 30250000 | I28: =H28*E28 -> 30250000 | J28: DAIKIN FXDQ 63 SPV15
B29: 5 | C29: Ceiling Mounted Duct type Motor PWR 0.2KW - Tot Cap.8.1kw INDOOR UNIT | D29: unit | E29: 1 | F29: 32150000 | G29: 2000000 | H29: =G29+F29 -> 34150000 | I29: =H29*E29 -> 34150000 | J29: DAIKIN FXDBQ 40 AVM4
B30: 6 | C30: Ceiling Mounted Duct type Motor PWR 0.2KW - Tot Cap.8.5kw INDOOR UNIT | D30: unit | E30: 1 | F30: 32150000 | G30: 2000000 | H30: =G30+F30 -> 34150000 | I30: =H30*E30 -> 34150000 | J30: DAIKIN FXDBQ 40 AVM5
B31: 7 | C31: Ceiling Mounted Duct type Motor PWR 0.15KW - Tot Cap.6.6kw INDOOR UNIT | D31: unit | E31: 1 | F31: 28250000 | G31: 2000000 | H31: =G31+F31 -> 30250000 | I31: =H31*E31 -> 30250000 | J31: DAIKIN FXDQ 63 SPV15
B32: 8 | C32: outdoor Unit Cap.44kw / 3 phase 4-wire system, 380-415V, 50Hz / R.410A | D32: unit | E32: 1 | F32: =265000000 -> 265000000 | G32: 8000000 | H32: =G32+F32 -> 273000000 | I32: =H32*E32 -> 273000000 | J32: DAIKIN RXQ 16 AY14
B33: 9 | C33: Drain Pipe PVC 25mm with PU foam insulation 19mm | D33: unit | E33: =SUM(E25:E32) -> 8 | F33: =(30*30000)+(30*55000) -> 2550000 | G33: 200000 | H33: =G33+F33 -> 2750000 | I33: =H33*E33 -> 22000000 | J33: rucika / aeroflex
B34: 10 | C34: Power + Control Cable From outdoor to each inddor unit - NYY 4x4mm + HIC 20mm | D34: unit | E34: 7 | F34: =((2*(50*75000))+(50*15000)) -> 8250000 | G34: 250000 | H34: =G34+F34 -> 8500000 | I34: =H34*E34 -> 59500000 | J34: supreme
B35: 11 | C35: Power From SDP to outdoor unit - NYY 4x4mm + HIC 20mm | D35: unit | E35: 1 | F35: =((2*(50*75000))+(50*15000)) -> 8250000 | G35: 250000 | H35: =G35+F35 -> 8500000 | I35: =H35*E35 -> 8500000 | J35: supreme
B36: 12 | C36: Refrigerant Pipe 95mmx15,9mm c/w insulator 19mm c/w ductape + bracket | D36: m1 | E36: =15+15+20+25+30+40+55 -> 200 | F36: =235000+115000+55000+30000 -> 435000 | G36: 150000 | H36: =G36+F36 -> 585000 | I36: =H36*E36 -> 117000000 | J36: denji / aeroflex
C38: GROUND FLOOR
B39: 13 | C39: Ceiling Mounted Duct type Motor PWR 0.2KW - Tot Cap.9.9kw INDOOR UNIT | D39: unit | E39: 1 | F39: 32500000 | G39: 2500000 | H39: =G39+F39 -> 35000000 | I39: =H39*E39 -> 35000000 | J39: DAIKIN FXSQ 40 PVE/PAV-R
B40: 14 | C40: Ceiling Mounted Duct type Motor PWR 0.1KW - Tot Cap.2.8kw INDOOR UNIT | D40: unit | E40: 1 | F40: 24100000 | G40: 1500000 | H40: =G40+F40 -> 25600000 | I40: =H40*E40 -> 25600000 | J40: DAIKIN FXDQ 32 SPV14
B41: 15 | C41: Ceiling Mounted Duct type Motor PWR 0.1KW - Tot Cap.5.4kw INDOOR UNIT | D41: unit | E41: 1 | F41: 27100000 | G41: 1500000 | H41: =G41+F41 -> 28600000 | I41: =H41*E41 -> 28600000 | J41: DAIKIN FXDQ 40 SPV14
B42: 16 | C42: Ceiling Mounted Duct type Motor PWR 1,5KW - Tot Cap.14,9kw INDOOR UNIT | D42: unit | E42: 1 | F42: 38500000 | G42: 250000 | H42: =G42+F42 -> 38750000 | I42: =H42*E42 -> 38750000 | J42: DAIKIN FXSQ 80 PVE/PAV-R
B43: 17 | C43: Ceiling Mounted Duct type Motor PWR 0.2KW - Tot Cap.9.9kw INDOOR UNIT | D43: unit | E43: 1 | F43: 32500000 | G43: 2500000 | H43: =G43+F43 -> 35000000 | I43: =H43*E43 -> 35000000 | J43: DAIKIN FXSQ 40 PVE/PAV-R
B44: 18 | C44: Ceiling Mounted Duct type Motor PWR 0.1KW - Tot Cap.1.9kw INDOOR UNIT | D44: unit | E44: 1 | F44: 25750000 | G44: 1500000 | H44: =G44+F44 -> 27250000 | I44: =H44*E44 -> 27250000 | J44: DAIKIN FXDQ 25 SPV14
B45: 19 | C45: Ceiling Mounted Duct type Motor PWR 0.2KW - Tot Cap.7.8kw INDOOR UNIT | D45: unit | E45: 1 | F45: 32150000 | G45: 2000000 | H45: =G45+F45 -> 34150000 | I45: =H45*E45 -> 34150000 | J45: DAIKIN FXDBQ 40 AVM4
B46: 20 | C46: Ceiling Mounted Duct type Motor PWR 0.15KW - Tot Cap.6.6kw INDOOR UNIT | D46: unit | E46: 1 | F46: 28250000 | G46: 2000000 | H46: =G46+F46 -> 30250000 | I46: =H46*E46 -> 30250000 | J46: DAIKIN FXDQ 63 SPV15
B47: 21 | C47: outdoor Unit Cap.47,9kw / 3 phase 4-wire system, 380-415V, 50Hz / R.410A | D47: unit | E47: 1 | F47: =265000000 -> 265000000 | G47: 8000000 | H47: =G47+F47 -> 273000000 | I47: =H47*E47 -> 273000000 | J47: DAIKIN RXQ 18 AY14
B48: 22 | C48: outdoor Unit Cap.24.1kw / 3 phase 4-wire system, 380-415V, 50Hz / R.410A | D48: unit | E48: 1 | F48: 175000000 | G48: 7500000 | H48: =G48+F48 -> 182500000 | I48: =H48*E48 -> 182500000 | J48: DAIKIN RXQ 10 AY14
B49: 23 | C49: Drain Pipe PVC 25mm with PU foam insulation 19mm | D49: unit | E49: =SUM(E39:E46) -> 8 | F49: =(20*30000)+(20*55000) -> 1700000 | G49: 200000 | H49: =G49+F49 -> 1900000 | I49: =H49*E49 -> 15200000 | J49: rucika / aeroflex
B50: 24 | C50: Power + Control Cable From outdoor to each inddor unit - NYY 4x4mm + HIC 20mm | D50: unit | E50: =SUM(E39:E46) -> 8 | F50: =((2*(50*75000))+(50*15000)) -> 8250000 | G50: 250000 | H50: =G50+F50 -> 8500000 | I50: =H50*E50 -> 68000000 | J50: supreme
B51: 25 | C51: Power From SDP to outdoor unit - NYY 4x4mm + HIC 20mm | D51: unit | E51: 2 | F51: =((2*(30*75000))+(30*15000)) -> 4950000 | G51: 250000 | H51: =G51+F51 -> 5200000 | I51: =H51*E51 -> 10400000 | J51: supreme
B52: 26 | C52: Refrigerant Pipe 95mmx15,9mm c/w insulator 19mm c/w ductape + bracket | D52: m1 | E52: =10+15+20+25+35+40+45+50 -> 240 | F52: =235000+115000+55000+30000 -> 435000 | G52: 150000 | H52: =G52+F52 -> 585000 | I52: =H52*E52 -> 140400000 | J52: denji / aeroflex
B53: 27 | C53: Split Type Air Conditioner Cap.2,8kw R32 | D53: unit | E53: 1 | F53: 32750000 | G53: 1000000 | H53: =G53+F53 -> 33750000 | I53: =H53*E53 -> 33750000 | J53: DAIKIN Star Inverter
B54: 28 | C54: Split Type Air Conditioner Cap.2,5kw R32 | D54: unit | E54: 1 | F54: 29450000 | G54: 800000 | H54: =G54+F54 -> 30250000 | I54: =H54*E54 -> 30250000 | J54: DAIKIN Star Inverter
B55: 29 | C55: Split Type Air Conditioner Cap.1,3kw R32 | D55: unit | E55: 1 | F55: 12750000 | G55: 750000 | H55: =G55+F55 -> 13500000 | I55: =H55*E55 -> 13500000 | J55: DAIKIN Star Inverter
B56: 30 | C56: Split Type Air Conditioner Cap.0,9kw R32 | D56: unit | E56: 1 | F56: 8975000 | G56: 600000 | H56: =G56+F56 -> 9575000 | I56: =H56*E56 -> 9575000 | J56: DAIKIN Star Inverter
B57: 31 | C57: Refrigerant Pipe 64mmx12,7mm c/w insulator 19mm + bracket | D57: m1 | E57: =6+6+6+15 -> 33 | F57: =375000+45000 -> 420000 | G57: 55000 | H57: =G57+F57 -> 475000 | I57: =H57*E57 -> 15675000 | J57: denji / aeroflex
B58: 32 | C58: Drain Pipe PVC 25mm with PU foam insulation 19mm | D58: unit | E58: =SUM(E53:E56) -> 4 | F58: =(10*30000)+(10*55000) -> 850000 | G58: 200000 | H58: =G58+F58 -> 1050000 | I58: =H58*E58 -> 4200000 | J58: rucika / aeroflex
B59: 33 | C59: Power + Control Cable From outdoor to each inddor unit - NYY 4x4mm + HIC 20mm | D59: unit | E59: =SUM(E53:E56) -> 4 | F59: =((2*(10*75000))+(10*15000)) -> 1650000 | G59: 250000 | H59: =G59+F59 -> 1900000 | I59: =H59*E59 -> 7600000 | J59: supreme
C61: UPPER FLOOR
B62: 34 | C62: Ceiling Mounted Duct type Motor PWR 0.2KW - Tot Cap.8.5kw INDOOR UNIT | D62: unit | E62: 1 | F62: 32150000 | G62: 2000000 | H62: =G62+F62 -> 34150000 | I62: =H62*E62 -> 34150000 | J62: DAIKIN FXDBQ 40 AVM5
B63: 35 | C63: Ceiling Mounted Duct type Motor PWR 0.1KW - Tot Cap.5.8kw INDOOR UNIT | D63: unit | E63: 1 | F63: 28250000 | G63: 2000000 | H63: =G63+F63 -> 30250000 | I63: =H63*E63 -> 30250000 | J63: DAIKIN FXDQ 63 SPV15
B64: 36 | C64: Ceiling Mounted Duct type Motor PWR 0.15KW - Tot Cap.7.5kw INDOOR UNIT | D64: unit | E64: 1 | F64: 28250000 | G64: 2000000 | H64: =G64+F64 -> 30250000 | I64: =H64*E64 -> 30250000 | J64: DAIKIN FXDQ 63 SPV14
B65: 37 | C65: Ceiling Mounted Duct type Motor PWR 0.1KW - Tot Cap.3.9kw INDOOR UNIT | D65: unit | E65: 1 | F65: 24100000 | G65: 1500000 | H65: =G65+F65 -> 25600000 | I65: =H65*E65 -> 25600000 | J65: DAIKIN FXDQ 32 SPV14
B66: 38 | C66: Ceiling Mounted Duct type Motor PWR 0.2KW - Tot Cap.9,6kw INDOOR UNIT | D66: unit | E66: 1 | F66: 32500000 | G66: 2500000 | H66: =G66+F66 -> 35000000 | I66: =H66*E66 -> 35000000 | J66: DAIKIN FXSQ 40 PVE/PAV-R
B67: 39 | C67: Ceiling Mounted Duct type Motor PWR 1,5KW - Tot Cap,19,2kw INDOOR UNIT | D67: unit | E67: 1 | F67: 42150000 | G67: 3500000 | H67: =G67+F67 -> 45650000 | I67: =H67*E67 -> 45650000 | J67: DAIKIN FXSQ 125 PVE/PAV-R
B68: 40 | C68: Ceiling Mounted Duct type Motor PWR 0.1KW - Tot Cap.4,7kw INDOOR UNIT | D68: unit | E68: 1 | F68: 27100000 | G68: 1500000 | H68: =G68+F68 -> 28600000 | I68: =H68*E68 -> 28600000 | J68: DAIKIN FXDQ 40 SPV14
B69: 41 | C69: outdoor Unit Cap.59,2kw / 3 phase 4-wire system, 380-415V, 50Hz / R.410A | D69: unit | E69: 1 | F69: 315000000 | G69: 9000000 | H69: =G69+F69 -> 324000000 | I69: =H69*E69 -> 324000000 | J69: DAIKIN RXQ 20 AY14
B70: 42 | C70: Drain Pipe PVC 25mm with PU foam insulation 19mm | D70: unit | E70: =SUM(E62:E68) -> 7 | F70: =(20*30000)+(20*55000) -> 1700000 | G70: 200000 | H70: =G70+F70 -> 1900000 | I70: =H70*E70 -> 13300000 | J70: rucika / aeroflex
B71: 43 | C71: Power + Control Cable From outdoor to each inddor unit - NYY 4x4mm + HIC 20mm | D71: unit | E71: =SUM(E62:E68) -> 7 | F71: =((2*(50*75000))+(50*15000)) -> 8250000 | G71: 250000 | H71: =G71+F71 -> 8500000 | I71: =H71*E71 -> 59500000 | J71: supreme
B72: 44 | C72: Power From SDP to outdoor unit - NYY 4x4mm + HIC 20mm | D72: unit | E72: 1 | F72: =((2*(20*75000))+(20*15000)) -> 3300000 | G72: 250000 | H72: =G72+F72 -> 3550000 | I72: =H72*E72 -> 3550000 | J72: supreme
B73: 45 | C73: Refrigerant Pipe 95mmx15,9mm c/w insulator 19mm c/w ductape + bracket | D73: m1 | E73: =8+8+13+18+25+30+45 -> 147 | F73: =235000+115000+55000+30000 -> 435000 | G73: 150000 | H73: =G73+F73 -> 585000 | I73: =H73*E73 -> 85995000 | J73: denji / aeroflex
B75: =B22 -> 6.1 | C75: =C22 -> AIR CONDITIONER SYSTEM | D75: Sub-total | I75: =SUM(I25:I74) -> 2464745000
B77: 6.2 | C77: AIR CONDITIONER DUCTING SYSTEM
C79: BASEMENT
B80: 1 | C80: DUCTING FOR Ceiling Mounted Duct type Motor PWR 0.2KW - Tot Cap.8.5kw INDOOR UNIT c/w bracket + accessories - PU DUCT FOAM (FCU-B-01) | D80: lot | E80: 1 | F80: =10*700000+5*700000+15*700000+1200000*1+5000000 -> 27200000 | G80: 4000000 | H80: =G80+F80 -> 31200000 | I80: =H80*E80 -> 31200000 | J80: PU FOAM
B81: 2 | C81: DUCTING FOR Ceiling Mounted Duct type Motor PWR 0.1KW - Tot Cap.5.8kw INDOOR UNIT c/w bracket + accessories - PU DUCT FOAM (FCU-B-02) | D81: lot | E81: 1 | F81: =6*700000+1200000*1+5000000 -> 10400000 | G81: 2500000 | H81: =G81+F81 -> 12900000 | I81: =H81*E81 -> 12900000 | J81: PU FOAM
B82: 3 | C82: DUCTING FOR Ceiling Mounted Duct type Motor PWR 0.15KW - Tot Cap.7.5kw INDOOR UNIT c/w bracket + accessories - PU DUCT FOAM (FCU-B-03) | D82: lot | E82: 1 | F82: =10*700000+5*700000+4*700000+5000000 -> 18300000 | G82: 4000000 | H82: =G82+F82 -> 22300000 | I82: =H82*E82 -> 22300000 | J82: PU FOAM
B83: 4 | C83: DUCTING FOR Ceiling Mounted Duct type Motor PWR 0.1KW - Tot Cap.3.9kw INDOOR UNIT c/w bracket + accessories - PU DUCT FOAM (FCU-B-04) | D83: lot | E83: 1 | F83: =10*700000+5*700000+4500000 -> 15000000 | G83: 4000000 | H83: =G83+F83 -> 19000000 | I83: =H83*E83 -> 19000000 | J83: PU FOAM
B84: 5 | C84: DUCTING FOR Ceiling Mounted Duct type Motor PWR 0.2KW - Tot Cap.9,6kw INDOOR UNIT c/w bracket + accessories - PU DUCT FOAM (FCU-B-05) | D84: lot | E84: 1 | F84: =8*700000+4*700000+3000000*1+5000000 -> 16400000 | G84: 4000000 | H84: =G84+F84 -> 20400000 | I84: =H84*E84 -> 20400000 | J84: PU FOAM
B85: 6 | C85: DUCTING FOR Ceiling Mounted Duct type Motor PWR 1,5KW - Tot Cap,19,2kw INDOOR UNIT c/w bracket + accessories - PU DUCT FOAM (FCU-B-06) | D85: lot | E85: 1 | F85: =8*700000+4*700000+3000000*1+5000000 -> 16400000 | G85: 4000000 | H85: =G85+F85 -> 20400000 | I85: =H85*E85 -> 20400000 | J85: PU FOAM
B86: 7 | C86: DUCTING FOR Ceiling Mounted Duct type Motor PWR 0.1KW - Tot Cap.4,7kw INDOOR UNIT c/w bracket + accessories - PU DUCT FOAM (PAU-B-01) | D86: lot | E86: 1 | F86: =21*600000+4*700000+1000000*1+300000 -> 16700000 | G86: 4000000 | H86: =G86+F86 -> 20700000 | I86: =H86*E86 -> 20700000 | J86: PU FOAM
C88: GROUND FLOOR
B90: 8 | C90: DUCTING FOR Ceiling Mounted Duct type Motor PWR 0.2KW - Tot Cap.9.9kw INDOOR UNIT c/w bracket + accessories - PU DUCT FOAM (FCV-G-01) | D90: lot | E90: 1 | F90: 3500000 | G90: 1500000 | H90: =G90+F90 -> 5000000 | I90: =H90*E90 -> 5000000 | J90: PU FOAM
B91: 9 | C91: DUCTING FOR Ceiling Mounted Duct type Motor PWR 0.1KW - Tot Cap.2.8kw INDOOR UNIT c/w bracket + accessories - PU DUCT FOAM (FCU-G-02) | D91: lot | E91: 1 | F91: 2500000 | G91: 1500000 | H91: =G91+F91 -> 4000000 | I91: =H91*E91 -> 4000000 | J91: PU FOAM
B92: 10 | C92: DUCTING FOR Ceiling Mounted Duct type Motor PWR 0.1KW - Tot Cap.5.4kw INDOOR UNIT c/w bracket + accessories - PU DUCT FOAM (FCU-G-03) | D92: lot | E92: 1 | F92: 3500000 | G92: 1500000 | H92: =G92+F92 -> 5000000 | I92: =H92*E92 -> 5000000 | J92: PU FOAM
B93: 11 | C93: DUCTING FOR Ceiling Mounted Duct type Motor PWR 1,5KW - Tot Cap.14,9kw INDOOR UNIT c/w bracket + accessories - PU DUCT FOAM FOAM (FCU-G-04.1 & 04.2) | D93: lot | E93: 1 | F93: 3500000 | G93: 1500000 | H93: =G93+F93 -> 5000000 | I93: =H93*E93 -> 5000000 | J93: PU FOAM
B94: 12 | C94: WALL Ceiling Mounted Motor PWR 0.1KW - Tot Cap.1.9kw INDOOR UNIT c/w bracket + accessories - PU DUCT FOAM FOAM (FCU-G-05) | D94: lot | E94: 1 | F94: 1000000 | G94: 700000 | H94: =G94+F94 -> 1700000 | I94: =H94*E94 -> 1700000
B95: 13 | C95: DUCTING FOR Ceiling Mounted Duct type Motor PWR 0.2KW - Tot Cap.7.8kw INDOOR UNIT c/w bracket + accessories - PU DUCT FOAM (FCU-G-06.1 & 06.2) | D95: lot | E95: 1 | F95: 3500000 | G95: 1500000 | H95: =G95+F95 -> 5000000 | I95: =H95*E95 -> 5000000 | J95: PU FOAM
B96: 14 | C96: DUCTING FOR Ceiling Mounted Duct type Motor PWR 0.15KW - Tot Cap.6.6kw INDOOR UNIT c/w bracket + accessories - PU DUCT FOAM (PAU-G.01) | D96: lot | E96: 1 | F96: 3500000 | G96: 1500000 | H96: =G96+F96 -> 5000000 | I96: =H96*E96 -> 5000000 | J96: PU FOAM
C98: UPPER FLOOR
B100: 15 | C100: DUCTING FOR Ceiling Mounted Duct type Motor PWR 0.2KW - Tot Cap.8.5kw INDOOR UNIT c/w bracket + accessories - PU DUCT FOAM (FCU-UP-01) | D100: lot | E100: 1 | F100: 3500000 | G100: 1500000 | H100: =G100+F100 -> 5000000 | I100: =H100*E100 -> 5000000 | J100: PU FOAM
B101: 16 | C101: DUCTING FOR Ceiling Mounted Duct type Motor PWR 0.1KW - Tot Cap.5.8kw INDOOR UNIT c/w bracket + accessories - PU DUCT FOAM (FCU-UP-02) | D101: lot | E101: 1 | F101: 3500000 | G101: 1500000 | H101: =G101+F101 -> 5000000 | I101: =H101*E101 -> 5000000 | J101: PU FOAM
B102: 17 | C102: DUCTING FOR Ceiling Mounted Duct type Motor PWR 0.15KW - Tot Cap.7.5kw INDOOR UNIT c/w bracket + accessories - PU DUCT FOAM (FCU-UP-03) | D102: lot | E102: 1 | F102: 3500000 | G102: 1500000 | H102: =G102+F102 -> 5000000 | I102: =H102*E102 -> 5000000 | J102: PU FOAM
B103: 18 | C103: DUCTING FOR Ceiling Mounted Duct type Motor PWR 0.1KW - Tot Cap.3.9kw INDOOR UNIT c/w bracket + accessories - PU DUCT FOAM (FCU-UP-04) | D103: lot | E103: 1 | F103: 3500000 | G103: 1500000 | H103: =G103+F103 -> 5000000 | I103: =H103*E103 -> 5000000 | J103: PU FOAM
B104: 19 | C104: DUCTING FOR Ceiling Mounted Duct type Motor PWR 0.2KW - Tot Cap.9,6kw INDOOR UNIT c/w bracket + accessories - PU DUCT FOAM (FCU-UP-05) | D104: lot | E104: 1 | F104: 3500000 | G104: 1500000 | H104: =G104+F104 -> 5000000 | I104: =H104*E104 -> 5000000 | J104: PU FOAM
B105: 20 | C105: DUCTING FOR Ceiling Mounted Duct type Motor PWR 1,5KW - Tot Cap,19,2kw INDOOR UNIT c/w bracket + accessories - PU DUCT FOAM (FCU-UP-06) | D105: lot | E105: 1 | F105: 3500000 | G105: 1500000 | H105: =G105+F105 -> 5000000 | I105: =H105*E105 -> 5000000 | J105: PU FOAM
B106: 21 | C106: DUCTING FOR Ceiling Mounted Duct type Motor PWR 0.1KW - Tot Cap.4,7kw INDOOR UNIT c/w bracket + accessories - PU DUCT FOAM (PAU-UP-01) | D106: lot | E106: 1 | F106: 3500000 | G106: 1500000 | H106: =G106+F106 -> 5000000 | I106: =H106*E106 -> 5000000 | J106: PU FOAM
B108: =B77 -> 6.2 | C108: =C77 -> AIR CONDITIONER DUCTING SYSTEM | D108: Sub-total | I108: =SUM(I79:I106) -> 212600000
C110: GENERAL SUMMARY
B112: =B75 -> 6.1 | C112: =C75 -> AIR CONDITIONER SYSTEM | I112: =I75 -> 2464745000
B113: =B108 -> 6.2 | C113: =C108 -> AIR CONDITIONER DUCTING SYSTEM | I113: =I108 -> 212600000
C115: GENERAL SUMMARY | D115: Sub-total | I115: =SUM(I112:I113) -> 2677345000

Sheet ADDITIONAL
B2: VILLA CEMPAKA
B3: BILL OF QUANTITY
B4: BILL : ADDITIONAL WORKS
B6: Item | C6: Description | D6: UOM | E6: Quantity | F6: Amount | G6: Labour | H6: Sub Total Amount | I6: TOTAL | J6: Remaks | K6: REF DRAWING
F7: Rp | G7: Rp | H7: Rp | I7: Rp
C9: GENERALLY
C11: The following Bills of Quantities a guidence only. It is the responsibility of the Tenderer to measure and satisfy themselves as to the accuracy of all quantities included therein.
C13: Refer to the Preliminaries section and allow therein for this section for compliance
C15: Refer to the specifications or drawings for full descriptions of materials and workmanship wherever applicable to the Works included hereunder
C17: Refer to the Preambles section for full details of Method of Measurement and Pricing Clauses and allow in the rates for this section for compliance
B19: 7 | C19: ADDITIONAL WORKS
C20: Supply, lay or apply or install all MEP works as described and shown in the drawings included supporting materials, tools and all necessary fixing accessories to the following
C25: put any additional item here
B40: =B19 -> 7 | C40: =C19 -> ADDITIONAL WORKS | D40: Sub-total | I40: =SUM(I23:I39) -> 0
C43: GENERAL SUMMARY
B45: =B40 -> 7 | C45: =C40 -> ADDITIONAL WORKS | I45: =I40 -> 0
C47: GENERAL SUMMARY | D47: Sub-total | I47: =SUM(I45:I45) -> 0

Sheet SANITARY
B2: VILLA CEMPAKA
B3: BILL OF QUANTITY
B4: BILL : SANITARY WORKS
B6: Item | C6: Description | D6: UOM | E6: Quantity | F6: Amount | G6: Labour | I6: TOTAL | J6: Remaks | K6: REF DRAWING
F7: Rp | G7: Rp | I7: Rp
C9: GENERALLY
C11: The following Bills of Quantities a guidence only. It is the responsibility of the Tenderer to measure and satisfy themselves as to the accuracy of all quantities included therein.
C13: Refer to the Preliminaries section and allow therein for this section for compliance
C15: Refer to the specifications or drawings for full descriptions of materials and workmanship wherever applicable to the Works included hereunder
C17: Refer to the Preambles section for full details of Method of Measurement and Pricing Clauses and allow in the rates for this section for compliance
B19: 8 | C19: SANITARY WORKS
C20: Supply, lay or apply or install all MEP works as described and shown in the drawings included supporting materials, tools and all necessary fixing accessories to the following
C22: BASEMENT
C23: Ceiling Shower | D23: unit | E23: 1 | F23: 12690000 | G23: 500000 | H23: =G23*E23 -> 500000 | I23: =(G23+F23)*E23 -> 13190000 | J23: Guest Room 1 Shower | K23: TX499SN
C24: EGO II Thermostat Bath & Shower Mixer with Diverter & Stop Valve | D24: unit | E24: 1 | F24: 7110000 | G24: 1500000 | H24: =G24*E24 -> 1500000 | I24: =(G24+F24)*E24 -> 8610000 | J24: Guest Room 1 Shower Tap | K24: TX473SEN
C25: EGO Hand Shower Set | D25: unit | E25: 1 | F25: 1110000 | G25: 100000 | H25: =G25*E25 -> 100000 | I25: =(G25+F25)*E25 -> 1210000 | J25: Guest Room 1 Hand Shower | K25: THX118SEN
C26: MONO Sliding Rail | D26: unit | E26: 1 | F26: 2040000 | G26: 350000 | H26: =G26*E26 -> 350000 | I26: =(G26+F26)*E26 -> 2390000 | J26: Guest Room 1 Mono Sliding Rail | K26: TX721AM
C27: MA 8" Lavatory Faucet with 1/14 pop up waste | D27: unit | E27: 1 | F27: 4770000 | G27: 300000 | H27: =G27*E27 -> 300000 | I27: =(G27+F27)*E27 -> 5070000 | J27: Guest Room 1 Tap 1 | K27: TX5119LT
C28: MA 8" Lavatory Faucet with 1/14 pop up waste | D28: unit | E28: 1 | F28: 4770000 | G28: 300000 | H28: =G28*E28 -> 300000 | I28: =(G28+F28)*E28 -> 5070000 | J28: Guest Room 1 Tap 2 | K28: TX5119LT
C29: LEMUSE Floor Standing Progressive Bath & Shower Set | D29: unit | E29: 1 | F29: 13270000 | G29: 2000000 | H29: =G29*E29 -> 2000000 | I29: =(G29+F29)*E29 -> 15270000 | J29: Guest Room 1 Bathtub Tap | K29: TX494SQN
C30: Cast Stone Bathtub with Pop up waste | D30: unit | E30: 1 | F30: 120000000 | G30: 200000 | H30: =G30*E30 -> 200000 | I30: =(G30+F30)*E30 -> 120200000 | J30: Guest Room 1 Bathtub | K30: PJY1724HPWE#MW
C31: Alisei Wall Hung 4.5/3 Dual Flash Rimless Tornado Flush Solid Duroplast Seat Cover | D31: unit | E31: 1 | F31: 15190000 | G31: 750000 | H31: =G31*E31 -> 750000 | I31: =(G31+F31)*E31 -> 15940000 | J31: Guest Room 1 Toilet | K31: CW 274J
H32: =G32*E32 -> 0
C33: Ceiling Shower | D33: unit | E33: 1 | F33: 12690000 | G33: 300000 | H33: =G33*E33 -> 300000 | I33: =(G33+F33)*E33 -> 12990000 | J33: Guest Room 2 Shower | K33: TX499SN
C34: EGO II Thermostat Bath & Shower Mixer with Diverter & Stop Valve | D34: unit | E34: 1 | F34: 7110000 | G34: 1500000 | H34: =G34*E34 -> 1500000 | I34: =(G34+F34)*E34 -> 8610000 | J34: Guest Room 2 Shower Tap | K34: TX473SEN
C35: EGO Hand Shower Set | D35: unit | E35: 1 | F35: 1110000 | G35: 250000 | H35: =G35*E35 -> 250000 | I35: =(G35+F35)*E35 -> 1360000 | J35: Guest Room 2 Handshower | K35: THX118SEN
C36: MONO Sliding Rail | D36: unit | E36: 1 | F36: 2040000 | G36: 350000 | H36: =G36*E36 -> 350000 | I36: =(G36+F36)*E36 -> 2390000 | J36: Guest Room 2 Mono Sliding Rail | K36: TX721AM
C37: MA 8" Lavatory Faucet with 1/14 pop up waste | D37: unit | E37: 1 | F37: 4770000 | G37: 300000 | H37: =G37*E37 -> 300000 | I37: =(G37+F37)*E37 -> 5070000 | J37: Guest Room 2 Tap 1 | K37: TX5119MMA
C38: MA 8" Lavatory Faucet with 1/14 pop up waste | D38: unit | E38: 1 | F38: 4770000 | G38: 300000 | H38: =G38*E38 -> 300000 | I38: =(G38+F38)*E38 -> 5070000 | J38: Guest Room 2 Tap 2 | K38: TX5119MMA
C39: Alisei Wall Hung 4.5/3 Dual Flash Rimless Tornado Flush Solid Duroplast Seat Cover | D39: unit | E39: 1 | F39: 15190000 | G39: 750000 | H39: =G39*E39 -> 750000 | I39: =(G39+F39)*E39 -> 15940000 | J39: Guest Room 2 |Toilet | K39: CW 274J
H40: =G40*E40 -> 0
C41: Icon Fixed Shower Head | D41: unit | E41: 1 | F41: 3810000 | G41: 150000 | H41: =G41*E41 -> 150000 | I41: =(G41+F41)*E41 -> 3960000 | J41: Common Bathroom Shower | K41: TX491SI
C42: EGO II Thermostat Bath & Shower Mixer with Diverter & Stop Valve | D42: unit | E42: 1 | F42: 7110000 | G42: 1500000 | H42: =G42*E42 -> 1500000 | I42: =(G42+F42)*E42 -> 8610000 | J42: Common Bathroom Shower Tap | K42: TX473SEN
C43: MA 8" Lavatory Faucet with 1/14 pop up waste | D43: unit | E43: 1 | F43: 4770000 | G43: 300000 | H43: =G43*E43 -> 300000 | I43: =(G43+F43)*E43 -> 5070000 | J43: Common Bathroom Tap | K43: TX5119MMA
C44: Alisei Wall Hung 4.5/3 Dual Flash Rimless Tornado Flush Solid Duroplast Seat Cover | D44: unit | E44: 1 | F44: 15190000 | G44: 750000 | H44: =G44*E44 -> 750000 | I44: =(G44+F44)*E44 -> 15940000 | J44: Common Bathroom Toilet | K44: CW 274J
H45: =G45*E45 -> 0
C46: GROUND FLOOR | H46: =G46*E46 -> 0
C47: Living Room Bar Tap | D47: unit | E47: 1 | F47: 2797000 | G47: 250000 | H47: =G47*E47 -> 250000 | I47: =(G47+F47)*E47 -> 3047000 | J47: Living Room Bar Tap | K47: LINA XL SWIVEL
C48: Living Room Bar Sink | D48: unit | E48: 1 | F48: 8100000 | G48: 550000 | H48: =G48*E48 -> 550000 | I48: =(G48+F48)*E48 -> 8650000 | J48: Living Room Bar Sink | K48: BOX-210-45
H49: =G49*E49 -> 0
C50: Living / Dinning Bar Kitchen Tap | D50: unit | E50: 1 | F50: 2797000 | G50: 250000 | H50: =G50*E50 -> 250000 | I50: =(G50+F50)*E50 -> 3047000 | J50: Living / Dinning Bar Kitchen Tap | K50: LINA XL SWIVEL
C51: Living / Dinning Bar Sink | D51: unit | E51: 1 | F51: 8100000 | G51: 550000 | H51: =G51*E51 -> 550000 | I51: =(G51+F51)*E51 -> 8650000 | J51: Living / Dinning Bar Sink | K51: BOX-210-45
H52: =G52*E52 -> 0
C53: Main Kitchen Tap | D53: unit | E53: 1 | F53: 2797000 | G53: 250000 | H53: =G53*E53 -> 250000 | I53: =(G53+F53)*E53 -> 3047000 | J53: Main Kitchen Tap | K53: LINA XL SWIVEL
C54: Main Kitchen Sink | D54: unit | E54: 1 | F54: 10152000 | G54: 550000 | H54: =G54*E54 -> 550000 | I54: =(G54+F54)*E54 -> 10702000 | J54: Main Kitchen Sink | K54: PZX-110-79
H55: =G55*E55 -> 0
C56: Guest Room Shower | D56: unit | E56: 1 | F56: 12690000 | G56: 1500000 | H56: =G56*E56 -> 1500000 | I56: =(G56+F56)*E56 -> 14190000 | J56: Guest Room Shower | K56: TX499SN
C57: Guest Room Shower Tap | D57: unit | E57: 1 | F57: 7110000 | G57: 350000 | H57: =G57*E57 -> 350000 | I57: =(G57+F57)*E57 -> 7460000 | J57: Guest Room Shower Tap | K57: TX473SEN
C58: Guest Room Hand Shower | D58: unit | E58: 1 | F58: 1110000 | G58: 100000 | H58: =G58*E58 -> 100000 | I58: =(G58+F58)*E58 -> 1210000 | J58: Guest Room Hand Shower | K58: THX118SEN
C59: Guest Room Mono Sliding Rail | D59: unit | E59: 1 | F59: 2040000 | G59: 350000 | H59: =G59*E59 -> 350000 | I59: =(G59+F59)*E59 -> 2390000 | J59: Guest Room Mono Sliding Rail | K59: TX721AM
C60: Guest Room Tap 1 | D60: unit | E60: 1 | F60: 4540000 | G60: 250000 | H60: =G60*E60 -> 250000 | I60: =(G60+F60)*E60 -> 4790000 | J60: Guest Room Tap 1 | K60: TX119MMA
C61: Guest Room Tap 2 | D61: unit | E61: 1 | F61: 4540000 | G61: 250000 | H61: =G61*E61 -> 250000 | I61: =(G61+F61)*E61 -> 4790000 | J61: Guest Room Tap 2 | K61: TX119MMA
C62: Guest Room Toilet | D62: unit | E62: 1 | F62: 15190000 | G62: 250000 | H62: =G62*E62 -> 250000 | I62: =(G62+F62)*E62 -> 15440000 | J62: Guest Room Toilet | K62: CW274J
H63: =G63*E63 -> 0
C64: Common Bathroom Tap | D64: unit | E64: 1 | F64: 4540000 | G64: 150000 | H64: =G64*E64 -> 150000 | I64: =(G64+F64)*E64 -> 4690000 | J64: Common Bathroom Tap | K64: TX119MMA
C65: Common Bathroom Toilet | D65: unit | E65: 1 | F65: 15190000 | G65: 150000 | H65: =G65*E65 -> 150000 | I65: =(G65+F65)*E65 -> 15340000 | J65: Common Bathroom Toilet | K65: CW274J
H66: =G66*E66 -> 0
C67: UPPER FLOOR | H67: =G67*E67 -> 0
C68: Ceiling Shower | D68: unit | E68: 1 | F68: 12690000 | G68: 300000 | H68: =G68*E68 -> 300000 | I68: =(G68+F68)*E68 -> 12990000 | J68: Master Bedroom Shower | K68: TX499SN
C69: EGO II Thermostat Bath & Shower Mixer with Diverter & Stop Valve | D69: unit | E69: 1 | F69: 7110000 | G69: 1500000 | H69: =G69*E69 -> 1500000 | I69: =(G69+F69)*E69 -> 8610000 | J69: Master Bedroom Shower Tap | K69: TX473SEN
C70: EGO Hand Shower Set | D70: unit | E70: 1 | F70: 1110000 | G70: 100000 | H70: =G70*E70 -> 100000 | I70: =(G70+F70)*E70 -> 1210000 | J70: Master Bedroom Hand Shower | K70: THX118SEN
C71: MONO Sliding Rail | D71: unit | E71: 1 | F71: 2040000 | G71: 350000 | H71: =G71*E71 -> 350000 | I71: =(G71+F71)*E71 -> 2390000 | J71: Master Bedroom Mono Sliding Rail | K71: TX721AM
C72: MA 8" Lavatory Faucet with 1/14 pop up waste | D72: unit | E72: 1 | F72: 4540000 | G72: 300000 | H72: =G72*E72 -> 300000 | I72: =(G72+F72)*E72 -> 4840000 | J72: Master Bedroom Tap 1 | K72: TX119MMA
C73: MA 8" Lavatory Faucet with 1/14 pop up waste | D73: unit | E73: 1 | F73: 4540000 | G73: 300000 | H73: =G73*E73 -> 300000 | I73: =(G73+F73)*E73 -> 4840000 | J73: Master Bedroom Tap 2 | K73: TX119MMA
C74: NEOREST WX Wall Hun 4.5/3 L Automatic Dual Flush | D74: unit | E74: 1 | F74: 146100000 | G74: 5000000 | H74: =G74*E74 -> 5000000 | I74: =(G74+F74)*E74 -> 151100000 | J74: Master Bedroom Toilet | K74: CES95380PZT
C75: LEMUSE Floor Standing Progressive Bath & Shower Set | D75: unit | E75: 1 | F75: 13275000 | G75: 2500000 | H75: =G75*E75 -> 2500000 | I75: =(G75+F75)*E75 -> 15775000 | J75: Master Bedroom Bathtub Tap | K75: TX494SQN
C76: Flotation TUB with zeroooooo dimension | D76: unit | E76: 1 | F76: 275800000 | G76: 7000000 | H76: =G76*E76 -> 7000000 | I76: =(G76+F76)*E76 -> 282800000 | J76: Master Bedroom Bathtub | K76: PJYD2200PWE
H77: =G77*E77 -> 0
C78: Long lasting outdoor solution | D78: unit | E78: 1 | H78: =G78*E78 -> 0 | I78: =(G78+F78)*E78 -> 0 | J78: Master Balcony Tap
H79: =G79*E79 -> 0
C80: Ceiling Shower | D80: unit | E80: 1 | F80: 12690000 | G80: 300000 | H80: =G80*E80 -> 300000 | I80: =(G80+F80)*E80 -> 12990000 | J80: Kids Room 1 Shower | K80: TX499SN
C81: EGO II Thermostat Bath & Shower Mixer with Diverter & Stop Valve | D81: unit | E81: 1 | F81: 7110000 | G81: 1500000 | H81: =G81*E81 -> 1500000 | I81: =(G81+F81)*E81 -> 8610000 | J81: Kids Room 1 Shower Tap | K81: TX473SEN
C82: EGO Hand Shower Set | D82: unit | E82: 1 | F82: 1110000 | G82: 100000 | H82: =G82*E82 -> 100000 | I82: =(G82+F82)*E82 -> 1210000 | J82: Kids Room 1 Hand Shower | K82: THX118SEN
C83: MONO Sliding Rail | D83: unit | E83: 1 | F83: 2040000 | G83: 350000 | H83: =G83*E83 -> 350000 | I83: =(G83+F83)*E83 -> 2390000 | J83: Kids Room 1 Mono Sliding Rail | K83: TX721AM
C84: MA 8" Lavatory Faucet with 1/14 pop up waste | D84: unit | E84: 1 | F84: 4540000 | G84: 300000 | H84: =G84*E84 -> 300000 | I84: =(G84+F84)*E84 -> 4840000 | J84: Kids Room 1 Tap 1 | K84: TX5119LT
C85: MA 8" Lavatory Faucet with 1/14 pop up waste | D85: unit | E85: 1 | F85: 4540000 | G85: 300000 | H85: =G85*E85 -> 300000 | I85: =(G85+F85)*E85 -> 4840000 | J85: Kids Room 1 Tap 2 | K85: TX5119LT
C86: Alisei Wall Hung 4.5/3 Dual Flash Rimless Tornado Flush Solid Duroplast Seat Cover | D86: unit | E86: 1 | F86: 15190000 | G86: 750000 | H86: =G86*E86 -> 750000 | I86: =(G86+F86)*E86 -> 15940000 | J86: Kids Room 1 Toilet | K86: CW274J
H87: =G87*E87 -> 0
C88: Ceiling Shower | D88: unit | E88: 1 | F88: 12690000 | G88: 500000 | H88: =G88*E88 -> 500000 | I88: =(G88+F88)*E88 -> 13190000 | J88: Kids Room 2 Shower | K88: TX499SN
C89: EGO II Thermostat Bath & Shower Mixer with Diverter & Stop Valve | D89: unit | E89: 1 | F89: 7110000 | G89: 1500000 | H89: =G89*E89 -> 1500000 | I89: =(G89+F89)*E89 -> 8610000 | J89: Kids Room 2 Shower Tap | K89: TX473SEN
C90: EGO Hand Shower Set | D90: unit | E90: 1 | F90: 1110000 | G90: 250000 | H90: =G90*E90 -> 250000 | I90: =(G90+F90)*E90 -> 1360000 | J90: Kids Room 2 Hand Shower | K90: THX118SEN
C91: MONO Sliding Rail | D91: unit | E91: 1 | F91: 2040000 | G91: 350000 | H91: =G91*E91 -> 350000 | I91: =(G91+F91)*E91 -> 2390000 | J91: Kids Room 2 Mono Sliding Rail | K91: TX721AM
C92: MA 8" Lavatory Faucet with 1/14 pop up waste | D92: unit | E92: 1 | F92: 4540000 | G92: 300000 | H92: =G92*E92 -> 300000 | I92: =(G92+F92)*E92 -> 4840000 | J92: Kids Room 2 Tap 1 | K92: TX119MMA
C93: MA 8" Lavatory Faucet with 1/14 pop up waste | D93: unit | E93: 1 | F93: 4540000 | G93: 300000 | H93: =G93*E93 -> 300000 | I93: =(G93+F93)*E93 -> 4840000 | J93: Kids Room 2 Tap 2 | K93: TX119MMA
C94: Alisei Wall Hung 4.5/3 Dual Flash Rimless Tornado Flush Solid Duroplast Seat Cover | D94: unit | E94: 1 | F94: 15190000 | G94: 750000 | H94: =G94*E94 -> 750000 | I94: =(G94+F94)*E94 -> 15940000 | J94: Kids Room 2 Toilet | K94: CW274J
H95: =G95*E95 -> 0
C96: Long lasting outdoor solution | D96: unit | E96: 1 | H96: =G96*E96 -> 0 | I96: =(G96+F96)*E96 -> 0 | J96: 2nd Floor Balcony Tap
B99: 8 | C99: =C19 -> SANITARY WORKS | D99: Sub-total | H99: =SUM(H22:H97) -> 43100000 | I99: =SUM(I21:I98) -> 965948000
C102: GENERAL SUMMARY
B104: =B99 -> 8 | C104: =C99 -> SANITARY WORKS | I104: =I99 -> 965948000
C106: GENERAL SUMMARY | D106: Sub-total | I106: =SUM(I104:I104) -> 965948000

Sheet LIGHTING ARMATURE
B2: VILLA CEMPAKA
B3: BILL OF QUANTITY
B4: BILL : LIGHTING ARMATURE WORKS
B6: Item | C6: Description | D6: UOM | E6: Quantity | F6: Amount | G6: Labour | H6: Sub Total Amount | I6: TOTAL | J6: Remaks | K6: REF DRAWING
F7: Rp | G7: Rp | H7: Rp | I7: Rp
C9: GENERALLY
C11: The following Bills of Quantities a guidence only. It is the responsibility of the Tenderer to measure and satisfy themselves as to the accuracy of all quantities included therein.
C13: Refer to the Preliminaries section and allow therein for this section for compliance
C15: Refer to the specifications or drawings for full descriptions of materials and workmanship wherever applicable to the Works included hereunder
C17: Refer to the Preambles section for full details of Method of Measurement and Pricing Clauses and allow in the rates for this section for compliance
B19: 9 | C19: LIGHTING ARMATURE WORKS
C20: Supply, lay or apply or install all MEP works as described and shown in the drawings included supporting materials, tools and all necessary fixing accessories to the following
B50: 9 | C50: =C19 -> LIGHTING ARMATURE WORKS | D50: Sub-total | I50: =SUM(I33:I49) -> 0
C53: GENERAL SUMMARY
B55: =B50 -> 9 | C55: =C50 -> LIGHTING ARMATURE WORKS | I55: =I50 -> 0
C57: GENERAL SUMMARY | D57: Sub-total | I57: =SUM(I55:I55) -> 0

Sheet Analisa
A1: analisa
A3: Lighting Cable Instalation
C4: Price /Mtr | D4: Qty | E4: Total
A5: Cable NYM 3x2,5 | C5: =20000 -> 20000 | D5: 6 | E5: =C5*D5 -> 120000
A6: Conduit | C6: 18000 | D6: 2 | E6: =C6*D6 -> 36000
A7: Labour | C7: 100000 | D7: 1 | E7: =C7*D7 -> 100000
A8: Accessories | C8: 50000 | D8: 1 | E8: =C8*D8 -> 50000
E9: =SUM(E5:E8) -> 306000
A11: GPO Cable Instalation
A12: Cable NYY 3x4 | C12: 36000 | D12: 6 | E12: =C12*D12 -> 216000
A13: Conduit | C13: 18000 | D13: 2 | E13: =C13*D13 -> 36000
A14: Labour | C14: 130000 | D14: 1 | E14: =C14*D14 -> 130000
A15: Accessories | C15: 50000 | D15: 1 | E15: =C15*D15 -> 50000
E16: =SUM(E12:E15) -> 432000
A18: ALL IN ONE WATER HEATER
A19: CAP. 300Ltr | C19: 34000000 | D19: 1 | E19: =C19*D19 -> 34000000
A20: Shipping + Tax + Misc cost | C20: =(C19*11%)+1500000 -> 5240000 | D20: 1 | E20: =C20*D20 -> 5240000
E21: =SUM(E19:E20) -> 39240000
A23: CAP. 200Ltr | C23: 29000000 | D23: 1 | E23: =C23*D23 -> 29000000
A24: Shipping + Tax + Misc cost | C24: =(C23*11%)+1500000 -> 4690000 | D24: 1 | E24: =C24*D24 -> 4690000
E25: =SUM(E23:E24) -> 33690000
A28: Combiner Panel Solar Panel
A29: MCB DC 2PH 63A | C29: 1350000 | D29: 5 | E29: =C29*D29 -> 6750000
A30: MCCB 3P | B30: 100 | C30: 2400000 | D30: 2 | E30: =C30*D30 -> 4800000
A31: Box Panel | C31: 5550000 | D31: 1 | E31: =C31*D31 -> 5550000
A32: Surge Arester 2ph | C32: 2150000 | D32: 5 | E32: =C32*D32 -> 10750000
A33: accessories + CU terminal bar | C33: 3500000 | D33: 1 | E33: =C33*D33 -> 3500000
A34: Wiring + Supporting Material | C34: 3000000 | D34: 1 | E34: =C34*D34 -> 3000000
E35: =SUM(E29:E34) -> 34350000
A37: SDB
A38: MCCB 3P | B38: 63 | C38: 2300000 | D38: 1 | E38: =C38*D38 -> 2300000
A39: MCCB 3P | B39: 100 | C39: 2400000 | D39: 2 | E39: =C39*D39 -> 4800000
A40: MCCB 3P | B40: 50 | C40: 2300000 | D40: 4 | E40: =C40*D40 -> 9200000
A41: MCCB 3P | B41: 200 | C41: 4750000 | D41: 1 | E41: =C41*D41 -> 4750000
A42: MCCB 3P | B42: 400 | C42: 5750000 | D42: 2 | E42: =C42*D42 -> 11500000
A43: Panel encloser box 1200x850x300 ip66 | B43: 1 | C43: 15000000 | D43: 1 | E43: =C43*D43 -> 15000000
A44: indicator + accessories + terminal block + CU block | B44: 1 | C44: 7500000 | D44: 1 | E44: =C44*D44 -> 7500000
A45: DIN RAIL KWH METER | B45: 6 | C45: 4250000 | D45: 6 | E45: =C45*D45 -> 25500000
A46: Mechanic Switch Cos Socomec 4phase 400a 41ac4040 | B46: 1 | C46: 6750000 | D46: 1 | E46: =C46*D46 -> 6750000
A47: Display Management | C47: 6750000 | D47: 2 | E47: =C47*D47 -> 13500000
A48: wiring + asembly | B48: 1 | C48: 7000000 | D48: 1 | E48: =C48*D48 -> 7000000
E49: =SUM(E38:E48) -> 107800000
A51: Smarthome BF
A52: Panel encloser box 800x600x300 ip66 | B52: 1 | C52: 5700000 | D52: 1 | E52: =C52*D52 -> 5700000
A53: MCCB 3P | B53: 25 | C53: 1950000 | D53: 1 | E53: =C53*D53 -> 1950000
A54: Display Management | C54: 6750000 | D54: 1 | E54: =C54*D54 -> 6750000
A55: indicator + accessories + terminal block + CU block | B55: 1 | C55: 4500000 | D55: 1 | E55: =C55*D55 -> 4500000
A56: MCB 1ph 10ka | B56: 10 | C56: 375000 | D56: =4 -> 4 | E56: =C56*D56 -> 1500000
A57: MCB 1ph 10ka | B57: 16 | C57: 425000 | D57: 11 | E57: =C57*D57 -> 4675000
A58: wiring + asembly | B58: 1 | C58: 3000000 | D58: 1 | E58: =C58*D58 -> 3000000
E59: =SUM(E52:E58) -> 28075000
A62: DB-LP-MAID
A63: Panel encloser box 800x600x300 ip66 | B63: 1 | C63: 5700000 | D63: 1 | E63: =C63*D63 -> 5700000
A64: MCCB 3P | B64: 25 | C64: 1950000 | D64: 1 | E64: =C64*D64 -> 1950000
A65: Display Management | C65: 6750000 | D65: 1 | E65: =C65*D65 -> 6750000
A66: indicator + accessories + terminal block + CU block | B66: 1 | C66: 4500000 | D66: 1 | E66: =C66*D66 -> 4500000
A67: MCB 1ph 10ka | B67: 10 | C67: 375000 | D67: =4 -> 4 | E67: =C67*D67 -> 1500000
A68: MCB 1ph 10ka | B68: 16 | C68: 425000 | D68: 6 | E68: =C68*D68 -> 2550000
A69: wiring + asembly | B69: 1 | C69: 3000000 | D69: 1 | E69: =C69*D69 -> 3000000
E70: =SUM(E63:E69) -> 25950000
A73: DB-Smarthome -GF
A74: Panel encloser box 800x600x300 ip66 | B74: 1 | C74: 5700000 | D74: 1 | E74: =C74*D74 -> 5700000
A75: MCCB 3P | B75: 40 | C75: 2300000 | D75: 1 | E75: =C75*D75 -> 2300000
A76: Display Management | C76: 6750000 | D76: 1 | E76: =C76*D76 -> 6750000
A77: indicator + accessories + terminal block + CU block | B77: 1 | C77: 4500000 | D77: 1 | E77: =C77*D77 -> 4500000
A78: MCB 1ph 10ka | B78: 10 | C78: 375000 | D78: 6 | E78: =C78*D78 -> 2250000
A79: MCB 1ph 10ka | B79: 20 | C79: 425000 | D79: 2 | E79: =C79*D79 -> 850000
A80: MCB 1ph 10ka | B80: 16 | C80: 425000 | D80: 11 | E80: =C80*D80 -> 4675000
A81: wiring + asembly | B81: 1 | C81: 3500000 | D81: 1 | E81: =C81*D81 -> 3500000
E82: =SUM(E74:E81) -> 30525000
A85: DB-Garasi -GF
A86: Panel encloser box 600x600x300 ip66 | B86: 1 | C86: 4250000 | D86: 1 | E86: =C86*D86 -> 4250000
A87: MCCB 3P | B87: 32 | C87: 1750000 | D87: 1 | E87: =C87*D87 -> 1750000
A88: Display Management | C88: 6750000 | D88: 1 | E88: =C88*D88 -> 6750000
A89: indicator + accessories + terminal block + CU block | B89: 1 | C89: 4500000 | D89: 1 | E89: =C89*D89 -> 4500000
A90: MCB 1ph 10ka | B90: 10 | C90: 375000 | D90: 4 | E90: =C90*D90 -> 1500000
A91: MCB 1ph 10ka | B91: 16 | C91: 425000 | D91: 6 | E91: =C91*D91 -> 2550000
A92: wiring + asembly | B92: 1 | C92: 2500000 | D92: 1 | E92: =C92*D92 -> 2500000
E93: =SUM(E86:E92) -> 23800000
A95: DB-Smarthome -UG
A96: Panel encloser box 800x600x300 ip66 | B96: 1 | C96: 5700000 | D96: 1 | E96: =C96*D96 -> 5700000
A97: MCCB 3P | B97: 25 | C97: 1950000 | D97: 1 | E97: =C97*D97 -> 1950000
A98: Display Management | C98: 6750000 | D98: 1 | E98: =C98*D98 -> 6750000
A99: indicator + accessories + terminal block + CU block | B99: 1 | C99: 4500000 | D99: 1 | E99: =C99*D99 -> 4500000
A100: MCB 1ph 10ka | B100: 10 | C100: 375000 | D100: 6 | E100: =C100*D100 -> 2250000
A101: MCB 1ph 10ka | B101: 16 | C101: 425000 | D101: 9 | E101: =C101*D101 -> 3825000
A102: wiring + asembly | B102: 1 | C102: 4500000 | D102: 1 | E102: =C102*D102 -> 4500000
E103: =SUM(E96:E102) -> 29475000
A105: DB-Basement
A106: Panel encloser box 600x600x300 ip66 | B106: 1 | C106: 4250000 | D106: 1 | E106: =C106*D106 -> 4250000
A107: MCCB 3P | B107: 63 | C107: 2300000 | D107: 1 | E107: =C107*D107 -> 2300000
A108: Display Management | C108: 6750000 | D108: 1 | E108: =C108*D108 -> 6750000
A109: indicator + accessories + terminal block + CU block | B109: 1 | C109: 4500000 | D109: 1 | E109: =C109*D109 -> 4500000
A110: MCCB 3P | B110: 25 | C110: 1950000 | D110: 2 | E110: =C110*D110 -> 3900000
A111: MCCB 3P | B111: 50 | C111: 2300000 | D111: 2 | E111: =C111*D111 -> 4600000
A112: RCBO 2P 30ma | B112: 16 | C112: 1850000 | D112: 3 | E112: =C112*D112 -> 5550000
A113: wiring + asembly | B113: 1 | C113: 3500000 | D113: 1 | E113: =C113*D113 -> 3500000
E114: =SUM(E106:E113) -> 35350000
A116: DB-Basement
A117: Panel encloser box 600x600x300 ip66 | B117: 1 | C117: 4250000 | D117: 1 | E117: =C117*D117 -> 4250000
...
